Cogmind - Beta 12 X6 @@@ ROGUE MODE // 2023.03.03 @ 18:18:12 Player: leiavoia Result: Destroyed by B-99 Colossus with Linear Accelerator Performance ------------- Evolutions (9) 4500 Regions Visited (36) 7200 Robots Destroyed (1492) 7460 Value Destroyed (58868) 58868 Prototype IDs (100) 2000 Alien Tech Used (2) 400 Bonus (51031) 51031 TOTAL SCORE: 131459 Bonus ------- Triggered High Security 4000 High Alert Combat Kills 44531 Follower Combat Kills 2119 Entered Garrisons 400 Network Hubs Disabled 800 Aligned with FarCom 300 Met Data Miner 300 Met Imprinter 300 Met Zhirov 300 Built Enhanced Grunts 300 A7 Reached Mainframe 300 Met R17 at Cetus 500 Friendly Fire -3119 Cogmind --------- Core Integrity 0/1600 Matter 89/300 Energy 98/100 System Corruption 12% Temperature Cool (0) Movement Core (50) Location -1/Access Parts ------- > --- POWER (3) -------- (None) > --- PROPULSION (8) --- Biometal Heavy Treads Centrium Leg Centrium Leg Improved Linear Gravjet Impulse Thruster > --- UTILITY (11) ----- Advanced Terrain Scan Processor > --- WEAPON (3) ------- (None) > --- INVENTORY (5) ---- Quantum Reactor Advanced Force Field Enhanced Nova Cannon Peak State ------------ > --- POWER ------------ Micro Antimatter Reactor Micro Antimatter Reactor > --- PROPULSION ------- Gyrokinetic Inverter Cooled Gravmag System Improved Antigrav System Improved Antigrav System Improved Antigrav System Improved Gyrokinetic Inverter Improved Linear Gravjet Improved Linear Gravjet > --- UTILITY ---------- Advanced Heat Sink Advanced Coolant Injector Medium Storage Unit Advanced Terrain Scan Processor Advanced Transmission Jammer Improved Medium Armor Plating Centrium Heavy Armor Plating System Shield Improved System Shield > --- WEAPON ----------- Heavy Hardcell Cannon Micro-nuke Launcher > --- INVENTORY -------- Micro Antimatter Reactor Launcher Loader Advanced Force Field Long-range Tractor Beam Transdimensional Reconstructor Hardcell Cannon Micro-nuke Launcher [Rating: 155] Favorites ----------- Power Enhanced Nuclear Core Engine Improved Deuterium Engine Power Core Enhanced Nuclear Core Reactor Quantum Reactor Propulsion Improved Heavy Treads Treads Improved Heavy Treads Leg Centrium Leg Wheel Armored Huge Wheel Hover Unit Cooled Gravmag System Flight Unit Cesium-ion Thruster Utility Humpback Device Improved Shield Generator Storage Humpback Processor Advanced Terrain Scan Processor Hackware Hacking Suite Protection Medium Reactive Plating Weapon Heavy Phase Cannon Energy Gun EM Pulse Gun Energy Cannon Heavy Phase Cannon Ballistic Gun Enhanced Autogun Ballistic Cannon Gauss Cannon Launcher Heavy Missile Launcher Special Weapon RU-N14's Throwing Claymores Impact Weapon Shock Maul Slashing Weapon Greatsword Piercing Weapon Lance Special Melee Weapon Improved Datajack Build | -11 -10 -10 -10 -9 -8 -8 -8 -8 -8 -7 -7 -7 -7 -7 -7 -6 -6 -6 -6 -6 -5 -5 -5 -5 -5 -5 -4 -4 -4 -4 -4 -4 -3 -3 -2 -1 ------- Run | Jun Mat Min Exi Min Mat Gar Mat Gar Mat Fac Was Fac Low Low Zio Pro Fac Low Low Dat Pro Fac Ext Cet Arc Hub Fac Was Fac Upp Upp Zhi Pro Res Res Acc Slots Evolved 18 | . . . . . 4 . . . . 2 . . . . . . 2 . . . . 2 . . . . 2 . . . . . . 2 2 2 Power 2 | . . . . . . . . . . . . . . . . . . . . . . 1 . . . . . . . . . . . . . 1 Propulsion 6 | . . . . . 2 . . . . . . . . . . . 1 . . . . . . . . . 1 . . . . . . . 2 . Utility 9 | . . . . . 2 . . . . 2 . . . . . . 1 . . . . . . . . . 1 . . . . . . 2 . 1 Weapon 1 | . . . . . . . . . . . . . . . . . . . . . . 1 . . . . . . . . . . . . . . Parts Attached 1226 | 1 11 10 5 5 60 20 . 14 21 26 29 155 16 10 36 17 138 5 8 . 25 153 41 49 20 76 11 20 90 3 11 9 8 51 51 21 Power 83 | . 1 1 . 1 4 . . 2 2 2 2 9 . 2 2 . 11 . 2 . 1 9 . 3 . 1 . . 14 . 1 1 . 7 4 1 Engine 20 | . 1 1 . 1 2 . . . . 1 1 4 . . 1 . 2 . 1 . 1 1 . . . 1 . . 1 . . . . 1 . . Core 41 | . . . . . 2 . . 2 2 1 1 5 . 2 1 . 8 . 1 . . 7 . . . . . . 7 . 1 1 . . . . Reactor 22 | . . . . . . . . . . . . . . . . . 1 . . . . 1 . 3 . . . . 6 . . . . 6 4 1 Propulsion 176 | . 5 3 1 . 10 3 . 1 5 3 6 17 1 . 3 . 18 2 1 . 1 17 4 6 4 3 . 6 21 1 2 3 . 18 5 6 Treads 65 | . 5 3 1 . 9 1 . 1 4 2 1 8 . . . . 2 2 1 . . 4 2 4 4 1 . 1 6 . . . . 2 . 1 Leg 4 | . . . . . . 1 . . 1 . . . . . . . . . . . . . . . . . . . . . . . . . . 2 Wheel 26 | . . . . . 1 1 . . . 1 . 4 1 . 1 . 7 . . . . 4 2 2 . 2 . . . . . . . . . . Hover 27 | . . . . . . . . . . . 1 . . . . . . . . . . . . . . . . . . . . 3 . 16 5 2 Flight 54 | . . . . . . . . . . . 4 5 . . 2 . 9 . . . 1 9 . . . . . 5 15 1 2 . . . . 1 Utility 637 | 1 1 4 1 2 22 8 . 3 7 11 5 81 9 2 19 4 76 2 5 . 13 103 35 36 12 67 6 8 32 2 5 4 6 19 23 3 Device 391 | 1 . 1 . 1 11 6 . 3 4 6 4 55 5 2 8 4 53 1 3 . 8 54 21 24 7 45 4 5 23 1 2 3 4 9 11 2 Storage 25 | . 1 . 1 . 1 . . . . 1 . 5 . . 1 . 2 . 1 . 1 3 . . . 2 . . 2 . 2 . . 2 . . Processor 13 | . . . . . . . . . . . . 2 . . 7 . 1 . . . . . . . . . . . . 1 . . . 1 1 . Hackware 31 | . . . . . . 1 . . . 2 . 5 . . 1 . 4 . . . . 7 . . . . . 2 2 . 1 . 1 2 2 1 Protection 177 | . . 3 . 1 10 1 . . 3 2 1 14 4 . 2 . 16 1 1 . 4 39 14 12 5 20 2 1 5 . . 1 1 5 9 . Artifact . | . . . . . . . . . . . . . . . . . . . . . . . . . . . . . . . . . . . . . Weapon 330 | . 4 2 3 2 24 9 . 8 7 10 16 48 6 6 12 13 33 1 . . 10 24 2 4 4 5 5 6 23 . 3 1 2 7 19 11 Energy Gun 9 | . 2 1 . . 4 1 . 1 . . . . . . . . . . . . . . . . . . . . . . . . . . . . Energy Cannon 89 | . . . . . . 1 . . 1 2 3 11 . 3 3 4 13 . . . 5 5 . 1 2 2 2 3 3 . . . . 3 12 10 Ballistic Gun 30 | . 2 1 2 1 10 1 . 1 . 1 5 . . . . . . . . . . . . . . . . 1 3 . 1 1 . . . . Ballistic Cannon 58 | . . . . . 3 2 . 4 4 3 3 6 3 1 4 3 5 . . . 2 3 1 1 . 1 1 . 3 . . . . 1 3 1 Launcher 90 | . . . . 1 7 3 . 1 2 2 5 17 3 2 3 2 5 1 . . 2 10 . 1 1 2 1 1 10 . 2 . 1 1 4 . Special Weapon 11 | . . . . . . . . . . . . . . . . 3 4 . . . . 3 . . . . . . . . . . . 1 . . Impact Weapon 16 | . . . . . . . . . . . . . . . 1 . 6 . . . 1 3 1 1 . . . . 2 . . . 1 . . . Slashing Weapon 19 | . . . . . . . . . . . . 14 . . 1 1 . . . . . . . . . . . 1 2 . . . . . . . Piercing Weapon 1 | . . . . . . . . . . 1 . . . . . . . . . . . . . . . . . . . . . . . . . . Special Melee Weapon 7 | . . . 1 . . 1 . 1 . 1 . . . . . . . . . . . . . . 1 . 1 . . . . . . 1 . . Unidentified Prototypes 35 | . . . . . 3 . . . . 1 1 4 . . 7 1 4 . . . . 1 . 2 . . 1 1 1 . . 3 . 2 2 1 Parts Lost 119 | . . 1 . . 5 2 . 1 3 5 6 3 . . 1 . 7 . . . 1 4 . 1 . 2 2 3 23 . 1 . 1 16 25 6 Power 18 | . . . . . 1 . . . . 1 . 1 . . . . 1 . . . . 1 . . . . 1 1 5 . . . . 2 4 . Propulsion 38 | . . . . . 3 2 . 1 2 1 3 . . . . . 1 . . . . . . . . . 1 . 9 . 1 . . 4 9 1 Utility 44 | . . 1 . . . . . . 1 3 3 1 . . 1 . 3 . . . 1 3 . 1 . 1 . 1 5 . . . 1 7 8 3 Weapon 19 | . . . . . 1 . . . . . . 1 . . . . 2 . . . . . . . . 1 . 1 4 . . . . 3 4 2 Highest Loss Streak 12 | . . 1 . . 2 1 . 1 3 3 3 1 . . 1 . 2 . . . 1 2 . 1 . 1 2 3 8 . 1 . 1 7 12 5 To Critical Strikes 2 | . . . . . . . . . . . . . . . . . . . . . . . . . . . . 1 1 . . . . . . . Average Slot Usage (%) 78 | . 100 99 87 100 94 98 100 99 97 97 69 88 69 69 67 69 77 73 72 73 75 76 75 78 79 76 72 18 82 32 59 78 84 79 65 15 Engine 2 | . 14 14 14 14 5 . . . . 4 5 2 . . . . 1 . . . 2 4 5 . . 2 5 1 3 . . . . . . . Core 3 | . . . . . 3 9 9 9 8 2 1 4 7 7 6 7 4 6 5 6 3 4 5 . . . . . 3 5 5 6 5 1 . . Treads 11 | . 27 28 28 28 30 25 27 26 29 26 11 10 . . . . 4 12 18 20 17 6 13 14 16 13 4 . 6 . . . . . . 2 Wheel 3 | . . . . . 1 8 9 9 4 3 . 1 15 15 15 15 3 . . . . 1 3 1 . 3 10 . . . . . . . . . Flight 5 | . . . . . . . . . . . 4 17 . . . . 14 6 1 . 2 10 . . . . . 6 16 10 18 17 15 3 . 1 Device 11 | . 14 8 . . 8 9 18 18 18 15 18 9 9 15 13 7 11 13 9 6 9 7 14 16 16 15 19 1 15 5 10 20 19 15 17 . Storage 6 | . 14 14 14 14 9 9 9 9 9 7 4 5 7 7 7 7 5 6 9 13 9 4 5 5 5 5 10 . 4 . 1 . . 4 3 . Hackware 4 | . . . . . . . . . . 5 1 12 . . . 7 11 . . . . 13 . . . . . . 10 . 4 5 6 3 5 2 Protection 8 | . . 5 14 13 17 16 9 9 8 13 5 11 12 7 7 7 5 12 13 13 15 6 7 7 9 6 1 . 3 5 5 5 5 2 2 . Energy Cannon 3 | . . . . . . 1 9 . 1 3 6 2 3 6 3 6 4 6 6 6 4 4 5 7 9 7 10 5 2 . . . . 3 . . Ballistic Gun 2 | . 10 16 5 27 12 2 9 1 . . 2 . . . . . . . . . . . . . . . . . 2 . 3 . 5 . . . Ballistic Cannon 3 | . . . . . 3 6 . 14 16 8 1 1 10 7 6 4 1 2 . . 1 2 5 4 5 4 3 . 1 . . . . . 2 . Launcher 1 | . . . . . . . . . . . . 2 . . . . 2 3 6 6 5 2 4 2 1 3 . . 1 . . . . . 1 . Naked Turns 9 | . . . . . . . . . . . 2 . . . . . . . . . . . . . . . . 7 . . . . . . . . Heaviest Build 353 | 11 18 21 29 31 110 114 106 110 122 125 122 266 266 254 254 248 273 275 352 352 353 299 299 315 305 305 227 207 180 12 22 33 33 70 69 10 Greatest Support 201 | 20 40 40 40 40 88 42 12 42 60 80 80 106 56 56 56 56 150 150 170 170 170 177 150 187 182 182 56 56 201 21 25 33 33 70 90 12 Greatest Overweight (x) 9 | . . . . . 6 9 8 9 9 7 5 4 4 4 4 4 4 4 2 2 2 5 4 5 5 4 4 3 1 . . . . 2 1 . Average Overweight (x) . | . . . . . 2 6 8 8 4 4 . . 4 4 4 4 . 1 1 2 1 . 3 2 1 2 3 . . . . . . . . . Largest Inventory Capacity 35 | 8 10 10 15 15 25 25 25 25 25 25 25 35 35 35 35 35 35 35 35 35 35 35 35 35 35 35 30 30 25 5 5 5 5 10 10 5 Average Capacity 24 | 8 9 10 12 15 22 25 25 25 25 25 17 18 35 35 35 35 28 35 35 35 30 20 35 35 35 32 30 6 14 5 5 5 5 9 9 5 Most Carried 35 | 6 10 10 14 15 25 25 25 25 25 25 25 35 35 35 35 35 35 35 35 35 35 35 35 35 35 35 30 30 25 5 5 5 5 10 10 5 Average Carried 23 | 6 9 9 10 14 22 24 25 24 24 24 17 17 34 34 34 35 27 34 34 35 30 20 34 34 34 31 29 5 13 4 4 4 4 8 9 3 Final Capacity 35 | 8 10 10 15 15 25 25 25 25 25 25 5 35 35 35 35 35 35 35 35 35 25 35 35 35 35 30 30 5 10 5 5 5 5 10 5 5 Final Carried 35 | 6 10 10 14 15 25 25 25 25 25 25 5 35 35 35 35 35 35 35 35 35 25 35 35 35 35 30 30 5 9 5 5 5 5 10 4 3 Class Distribution -------------------- 48% | Hauler-Mutant 26% | Mutant 7% | Hacker-Sprinter 5% | Hacker-Mutant 4% | Scavenger-Mutant Dominant Class ---------------- Mutant | -10/Materials Mutant | -10/Mines Mutant | -10/Exiles Mutant | -9/Mines Mutant | -8/Materials Mutant | -8/Garrison Mutant | -8/Materials Mutant | -8/Garrison Mutant | -8/Materials Scavenger-Mutant | -7/Factory Mutant | -7/Waste Hacker-Sprinter | -7/Factory Hauler-Mutant | -7/Lower Caves Hauler-Mutant | -7/Lower Caves Hauler-Mutant | -7/Zion Hauler-Mutant | -6/Proximity Caves Hauler-Mutant | -6/Factory Hauler-Mutant | -6/Lower Caves Hauler-Mutant | -6/Lower Caves Hauler-Mutant | -6/Data Miner Hauler-Mutant | -5/Proximity Caves Hacker-Mutant | -5/Factory Hauler-Mutant | -5/Extension Hauler-Mutant | -5/Cetus Hauler-Mutant | -5/Archives Hauler-Mutant | -5/Hub_04(d) Hauler-Mutant | -4/Factory Mutant | -4/Waste Scavenger-Sprinter | -4/Factory Mutant | -4/Upper Caves Scavenger-Sprinter | -4/Upper Caves Scavenger-Mutant | -4/Zhirov Derelict-Mutant | -3/Proximity Caves Scavenger-Mutant | -3/Research Scavenger-Mutant | -2/Research Mutant | -1/Access Resources | -11 -10 -10 -10 -9 -8 -8 -8 -8 -8 -7 -7 -7 -7 -7 -7 -6 -6 -6 -6 -6 -5 -5 -5 -5 -5 -5 -4 -4 -4 -4 -4 -4 -3 -3 -2 -1 ----------- Run | Jun Mat Min Exi Min Mat Gar Mat Gar Mat Fac Was Fac Low Low Zio Pro Fac Low Low Dat Pro Fac Ext Cet Arc Hub Fac Was Fac Upp Upp Zhi Pro Res Res Acc Matter Collected 39155 | 210 166 343 454 79 2447 655 . 661 745 936 670 4218 617 383 295 451 3432 528 304 . 606 5198 2427 2624 394 4391 56 507 2093 85 225 246 260 720 1582 147 Remotely 18186 | . . . . . 163 79 . 242 . 540 412 2122 185 . . 67 1875 . . . 192 3365 1487 1376 . 3420 . 162 1134 . . . . 69 1296 . Salvage Created 61313 | 107 402 207 . 9 2182 505 . 402 790 633 872 5506 456 707 . 111 4891 584 622 . 275 10176 9608 3600 540 8816 414 1880 3873 . 38 247 151 960 1749 . Parts 2483 | 4 30 12 . 3 133 17 . 19 28 29 8 260 15 31 . 13 244 16 32 . 13 366 330 153 26 400 15 24 132 . 8 . 5 51 66 . Haulers Intercepted 44 | . 2 . . . 4 . . . 3 2 . 4 . . . . 2 . . . . 4 12 . . 5 . . 4 . . . . 1 1 . Recyclers Shooed 41 | . . . . . 2 . . . 2 1 . 3 . . . . 2 . . . . 22 . . . 1 . . 4 . . . . . 4 . Parts Field Recycled . | . . . . . . . . . . . . . . . . . . . . . . . . . . . . . . . . . . . . . Retrieved Matter . | . . . . . . . . . . . . . . . . . . . . . . . . . . . . . . . . . . . . . Parts Self-Destructed 94 | . . . . . . . . . . . . . 15 22 . 9 . 7 19 . 13 . . . . . . . . . 8 . 1 . . . Prevented 15 | . . . . . . . . . . . . . . . . . . 6 4 . 5 . . . . . . . . . . . . . . . Kills | -11 -10 -10 -10 -9 -8 -8 -8 -8 -8 -7 -7 -7 -7 -7 -7 -6 -6 -6 -6 -6 -5 -5 -5 -5 -5 -5 -4 -4 -4 -4 -4 -4 -3 -3 -2 -1 ------- Run | Jun Mat Min Exi Min Mat Gar Mat Gar Mat Fac Was Fac Low Low Zio Pro Fac Low Low Dat Pro Fac Ext Cet Arc Hub Fac Was Fac Upp Upp Zhi Pro Res Res Acc Combat Hostiles Destroyed 1121 | . 9 6 . 3 51 13 . 14 14 15 4 102 14 24 . 9 149 7 19 . 16 138 136 110 4 149 5 6 48 . 7 . 4 16 29 . Melee 8 | . . . . . . . . . . . . 1 . . . . 1 . . . . 1 . . . . . . 5 . . . . . . . Guns 40 | . 8 6 . . 20 3 . 2 . 1 . . . . . . . . . . . . . . . . . . . . . . . . . . Cannons 174 | . . . . . 8 3 . 12 11 10 1 13 4 7 . 2 18 3 2 . 6 9 5 11 4 10 2 4 12 . . . . 10 7 . AOE 893 | . 1 . . 3 23 7 . . 3 4 3 88 10 16 . 7 130 4 17 . 9 127 131 98 . 139 3 1 30 . 7 . 4 6 22 . Classes Destroyed 27 | 2 4 2 . . 7 . . . . 2 1 . . 1 . . 2 1 . . 2 1 . . . . . . . . . . . . 2 . Worker 139 | . 1 1 . . 2 . . . . . . 27 . . . . 12 . . . . 29 13 . . 41 2 . 7 . . . . 1 3 . Builder 125 | . . . . . 4 . . . . . . 28 . . . . 19 . . . . 23 7 . . 28 . . 8 . . . . 2 6 . Tunneler 24 | 1 . . . . 1 . . . . . . 2 . . . . 1 . . . . 2 3 . . 12 . . . . . . . 1 1 . Hauler 44 | . 2 . . . 4 . . . 3 2 . 4 . . . . 2 . . . . 4 12 . . 5 . . 4 . . . . 1 1 . Recycler 133 | 1 1 . . . 2 . . . 4 2 . 20 . . . . 3 . . . . 32 33 . . 18 1 . 9 . . . . 1 6 . Carrier 8 | . . . . . . . . . . . . . . . . . . . . . . 4 3 . . 1 . . . . . . . . . . Minesweeper 4 | . . . . . . . . . . . . . . 1 . . . . 1 . 1 . . . . . . . . . . . 1 . . . Mechanic 57 | . . . . . . . . . . 1 . 6 . . . . 5 . . . . 12 8 10 . 11 . . 3 . . . . 1 . . Operator 17 | . . . . . 2 . . . 1 1 . 1 . . . . . . . . . 2 . . 6 1 1 . 1 . . . . . 1 . Watcher 35 | . 3 . . . 4 . . . 2 . . 6 . . . . 5 . . . . 5 1 . . 5 . . 2 . . . . . 2 . Swarmer 107 | . 9 . . 3 11 4 . 4 . . . . 4 8 . 9 . . 12 . 2 13 . 9 . 5 . . . . 7 . . 3 4 . Saboteur 42 | . . . . . . . . . . . . . . . . . 8 . . . . 1 13 8 . 10 . . 1 . . . . . 1 . Grunt 460 | . . 4 . . 24 6 . 8 8 11 . 58 5 12 . . 74 5 6 . 7 69 34 27 . 64 2 . 24 . . . 4 3 5 . Brawler 66 | . . . . . 1 . . . . . . 11 3 . . . 12 . . . . 13 6 3 . 13 . . 4 . . . . . . . Duelist 67 | . . . . . 1 2 . . 1 . . 5 1 . . . 12 . . . . 7 15 9 . 13 . . 1 . . . . . . . Protector 50 | . . . . . 2 . . . . . . 8 . . . . 10 . . . . 7 10 4 . 6 . . 2 . . . . . 1 . Sentry 43 | . . . . . 10 . . 2 3 2 . . 1 2 . . 1 1 1 . 1 1 . . 4 6 . . 4 . . . . 3 1 . Demolisher 3 | . . 2 . . . . . . . . . . . . . . . . . . . . . 1 . . . . . . . . . . . . Specialist 4 | . . . . . . . . . . . . . . . . . . . . . 3 . . . . . . . . . . . . . 1 . Hunter 126 | . . . . . 2 1 . . 2 . . 8 . 2 . . 17 1 . . 1 15 30 25 . 17 1 . . . . . . . 4 . Programmer 132 | . . . . . . . . . . 2 . 12 . . . . 14 . . . 1 11 28 20 . 14 2 . 12 . . . . 7 9 . Heavy 2 | . . . . . . . . . . . . . . . . . 1 . . . . . . . . 1 . . . . . . . . . . Behemoth 1 | . . . . . . . . . . . . . . . . . . . . . 1 . . . . . . . . . . . . . . . Compactor 10 | . . . . . . . . . . . 4 . . . . . . . . . . . . . . . . 6 . . . . . . . . Cetus Guard 4 | . . . . . . . . . . . . . . . . . . . . . . . . 4 . . . . . . . . . . . . Striker 2 | . . . . . . . . . . . . . . . . . . . . . . . . . . . . . . . . . . . 2 . Executioner 1 | . . . . . . . . . . . . . . . . . . . . . . . . . . . . . . . . . . . 1 . Decomposer 2 | . . . . . . . . . . . . . . 1 . . . 1 . . . . . . . . . . . . . . . . . . Samaritan 3 | . . . . . . . . . . . . . . . . . . 3 . . . . . . . . . . . . . . . . . . Wasp 8 | . . . . . . . . . . . 4 . . . . . . . . . . . . . . . . 4 . . . . . . . . Butcher 1 | . . . . . . . . . . . . . . . . . . . . . . 1 . . . . . . . . . . . . . . Best Kill Streak 47 | 2 3 2 . 3 14 4 . 5 5 4 3 17 5 13 . 3 31 4 4 . 6 22 47 34 4 41 9 1 29 . 4 . 4 10 31 . Combat Bots Only 35 | . 3 2 . 3 8 4 . 5 3 4 3 15 5 13 . 3 30 4 4 . 6 18 35 31 3 30 5 1 17 . 4 . 4 7 17 . Max Kills in Single Turn 11 | 1 2 1 . 2 4 2 . 2 2 2 2 9 4 7 . 2 6 3 3 . 2 7 11 10 2 8 5 1 5 . 3 . 2 2 4 . Gunslinging 1 | . 1 . . . . . . . . . . . . . . . . . . . . . . . . . . . . . . . . . . . Exploded 9 | . 1 . . 2 4 2 . . 1 2 2 7 4 7 . 2 5 3 3 . 2 6 9 9 . 7 2 1 3 . 3 . 2 1 4 . Melee 1 | . . . . . . . . . . . . 1 . . . . 1 . . . . 1 . . . . . . 1 . . . . . . . Uniques/NPCs Destroyed . | . . . . . . . . . . . . . . . . . . . . . . . . . . . . . . . . . . . . . Combat | -11 -10 -10 -10 -9 -8 -8 -8 -8 -8 -7 -7 -7 -7 -7 -7 -6 -6 -6 -6 -6 -5 -5 -5 -5 -5 -5 -4 -4 -4 -4 -4 -4 -3 -3 -2 -1 -------- Run | Jun Mat Min Exi Min Mat Gar Mat Gar Mat Fac Was Fac Low Low Zio Pro Fac Low Low Dat Pro Fac Ext Cet Arc Hub Fac Was Fac Upp Upp Zhi Pro Res Res Acc Damage Taken 36099 | . 331 552 . 12 2327 360 . 151 1283 739 506 1210 594 394 . 301 3482 200 359 . 979 1768 1017 1132 145 2507 396 233 4376 67 330 . 162 2647 5255 2284 Core 5628 | . 38 35 . . 244 14 . 12 233 58 99 204 11 11 . 42 409 2 . . 92 248 15 84 . 97 13 . 557 19 95 . 37 164 1291 1504 Absorbed by Shields 5161 | . . . . . 160 104 . 84 138 205 47 350 193 154 . 114 489 78 141 . 348 298 376 419 53 876 150 42 239 . 15 . 14 . . 74 Reduced by Siege Mode 759 | . . . . . . . . . . . . . . . . . 99 3 . . 52 55 110 108 11 229 . . 92 . . . . . . . Redirected to Shielding 357 | . . . . . 22 . . . . . . 6 . . . . . . . . . 97 . . . . . . . 9 50 . 38 135 . . Regen/Repaired (Parts) 1996 | . . . . . 84 . . . . . 21 . . . 792 . . . . . . 958 . . . . . . 141 . . . . . . . Core Remaining (%) 49 | 100 . . . 70 . . . . 8 . . . . . . 39 . . . . 40 . . . . 55 . . . . . . 37 87 10 . Volleys Fired 2996 | 5 31 31 . 2 180 59 . 34 49 62 45 299 32 34 . 7 360 31 36 . 65 388 261 86 33 304 26 192 96 . 9 . 8 98 109 24 Largest 3 | 2 2 2 . 1 2 2 . 2 2 2 2 2 2 2 . 1 2 2 2 . 2 2 3 3 3 2 3 3 3 . 2 . 1 2 2 2 Hottest 259 | 80 80 60 . 33 81 100 . 94 123 101 180 129 135 138 . 39 138 128 114 . 106 147 196 241 241 151 191 259 217 . 72 . 49 193 193 185 Shots Fired 3700 | 10 62 62 . 3 337 66 . 57 94 112 77 344 49 57 . 7 382 33 37 . 87 393 271 117 69 325 40 201 135 . 10 . 9 101 126 27 Gun 434 | 10 62 62 . 1 255 11 . 10 . 3 12 . . . . . . . . . . . . . . . . 2 2 . 2 . 2 . . . Cannon 2344 | . . . . . 58 38 . 46 89 105 51 238 42 52 . . 210 31 21 . 67 250 199 61 69 201 37 191 85 . . . . 87 89 27 Launcher 902 | . . . . 2 24 17 . 1 5 4 14 106 7 5 . 4 161 2 16 . 20 140 72 56 . 124 3 8 48 . 8 . 7 11 37 . Special 20 | . . . . . . . . . . . . . . . . 3 11 . . . . 3 . . . . . . . . . . . 3 . . Kinetic 1013 | . 18 48 . 1 290 11 . 51 84 95 24 31 25 25 . . 31 1 . . 44 12 14 27 17 36 2 . 49 . 2 . 2 5 60 8 Thermal 1622 | 10 13 . . . . 29 . . 5 13 39 207 17 27 . . 176 . . . 17 238 185 34 52 165 35 193 38 . . . . 81 29 19 Explosive 904 | . . . . 2 24 17 . 1 5 4 14 106 7 5 . 7 172 2 16 . 20 140 72 56 . 124 3 8 36 . 8 . 7 11 37 . Electromagnetic 155 | . 31 14 . . 23 9 . 5 . . . . . . . . 3 30 21 . 6 . . . . . . . 12 . . . . 1 . . Robot Hit Streak 39 | 2 7 10 . . 18 24 . 7 10 11 15 19 11 11 . 2 30 11 7 . 11 23 34 11 13 39 25 14 13 . . . 5 17 7 4 Robot Miss Streak 13 | 1 5 4 . . 6 3 . 13 9 9 3 3 3 3 . 1 3 1 2 . 4 4 3 2 3 2 1 4 2 . 1 . 2 2 4 4 Penetration Max 2 | . . . . . . . . . . . . . . . . . . . . . . . . 1 1 2 . . 1 . . . . . . . Secondary Targets 3 | . 1 . . . 2 . . . . . . . . . . . . . . . . . . . . . . . . . . . . . . . Max Gunslinging Chain 1 | . 1 . . . 1 . . . . . . . . . . . . . . . . . . . . . . . . . . . . . . . Shots Hit Robots 2281 | 4 35 37 . . 240 44 . 37 72 66 50 225 29 30 . 2 223 26 17 . 62 209 181 47 50 166 7 154 124 . . 4 6 76 53 5 Core Hits 2929 | 3 16 14 . 3 129 42 . 41 72 44 15 342 35 55 . 11 405 17 30 . 44 350 329 178 23 394 13 20 134 . 11 1 10 44 104 . Critical Kills 25 | . . . . . . 1 . . . . . 2 . 1 . . . . . . . 6 . 5 5 3 . 1 . . . . . 1 . . Critical Parts Destroyed 42 | . . . . . 1 . . . . . . . . . . . 3 . . . . 7 . 10 4 12 . . . . . 2 1 2 . . Critical Strikes 110 | . . . . . 5 1 . . 2 5 . 5 1 3 . . 7 . . . 1 13 . 15 11 17 . 1 12 . . 2 1 3 5 . Meltdown 12 | . . . . . . 1 . . . . . 2 . 1 . . . . . . . 4 . . 1 2 . 1 . . . . . . . . Destroy 41 | . . . . . 1 . . . . . . . . . . . . . . . . . . 15 10 15 . . . . . . . . . . Blast 32 | . . . . . 4 . . . 2 5 . 3 1 2 . . 3 . . . 1 . . . . . . . 6 . . . . . 5 . Smash 18 | . . . . . . . . . . . . . . . . . 3 . . . . 9 . . . . . . . . . 2 1 3 . . Sever 7 | . . . . . . . . . . . . . . . . . 1 . . . . . . . . . . . 6 . . . . . . . Melee Attacks 617 | . . . . . . . . . . 3 . 159 . . 1 . 98 . . . 1 172 2 4 . . 2 . 106 2 2 4 18 43 . . Impact 343 | . . . . . . . . . . . . . . . . . 98 . . . 1 172 2 4 . . . . 2 2 2 4 18 38 . . Slashing 264 | . . . . . . . . . . . . 159 . . 1 . . . . . . . . . . . . . 104 . . . . . . . Piercing 3 | . . . . . . . . . . 3 . . . . . . . . . . . . . . . . . . . . . . . . . . Sneak Attacks 43 | . . . . . . . . . . . . 8 . . . . 5 . . . . 11 . . . . 2 . 8 . . . 1 8 . . Combat Hostiles 1 | . . . . . . . . . . . . 1 . . . . . . . . . . . . . . . . . . . . . . . . Follow-up Attacks . | . . . . . . . . . . . . . . . . . . . . . . . . . . . . . . . . . . . . . Damage Inflicted 267454 | 45 614 542 . 172 6439 2282 . 974 2074 2446 3231 20746 1852 2074 . 675 29255 1062 2206 . 3578 38396 42168 23008 1433 42225 1388 6953 14411 . 681 450 938 4832 10049 255 Guns 4633 | 45 441 542 . . 3034 133 . 170 . 52 192 . . . . . . . . . . . . . . . . 14 10 . . . . . . . Cannons 51266 | . . . . . 1209 798 . 757 1643 1904 1105 4403 691 731 . . 3046 777 400 . 1514 5038 6129 1255 1425 4833 163 6041 2034 . . . . 2364 2751 255 Explosions 201869 | . 164 . . 172 2188 1351 . 47 383 482 1934 14469 1161 1343 . 555 24855 285 1718 . 2064 31002 36039 21753 . 37371 1225 898 10006 . 681 . 828 1604 7291 . Melee 9157 | . . . . . . . . . . . . 1874 . . . . 1143 . . . . 2356 . . . . . . 2360 . . 450 110 864 . . Ramming 198 | . 9 . . . 8 . . . 48 8 . . . . . . . . 88 . . . . . 8 21 . . 1 . . . . . 7 . Kinetic 17590 | . 73 418 . . 3955 152 . 827 1535 1794 557 475 421 336 . . 607 . . . 952 347 176 309 217 431 . . 1429 . . . . 82 2345 152 Thermal 41483 | 45 255 . . . 39 658 . . 108 362 740 3928 270 395 . . 2754 . . . 428 5745 7510 1814 1208 5195 163 6055 1053 . . . . 2249 406 103 Explosive 195502 | . . . . 172 2149 1351 . 47 383 282 1934 14469 1161 1343 . 555 24540 285 1718 . 2064 29801 34482 20885 . 36578 1102 898 8899 . 681 . 828 1604 7291 . Electromagnetic 3193 | . 277 124 . . 288 121 . 100 . . . . . . . . . 777 400 . 134 147 . . . . 123 . 669 . . . . 33 . . Impact 5057 | . . . . . . . . . . . . . . . . . 1143 . . . . 2356 . . . . . . 134 . . 450 110 864 . . Slashing 4431 | . . . . . . . . . . . . 1874 . . . 120 211 . . . . . . . . . . . 2226 . . . . . . . Piercing . | . . . . . . . . . . . . . . . . . . . . . . . . . . . . . . . . . . . . . Highest Corruption 21 | . 4 4 4 4 2 2 2 2 2 4 8 15 15 15 15 . 5 5 . . 3 4 3 4 4 8 . . 21 21 21 21 21 20 19 12 Average Corruption 7 | . 3 4 4 4 2 2 2 2 1 2 6 11 15 15 15 . 3 4 . . 2 3 1 3 3 2 . . 6 21 21 21 21 12 9 9 Corruption Purged 33 | . . . . . . . . . 2 2 . . . . . . 1 5 . . 3 6 4 . 4 6 . . . . . . . . . . Corruption Blocked . | . . . . . . . . . . . . . . . . . . . . . . . . . . . . . . . . . . . . . Effects 964 | . 12 32 14 23 24 14 2 12 8 21 37 278 93 67 3 . 12 8 . . 10 36 4 16 7 19 . . 40 19 17 5 53 33 33 12 Message Errors 244 | . 2 13 1 7 4 6 . 2 . 3 9 77 24 22 1 . 1 2 . . 3 10 1 . 2 4 . . 11 4 2 1 13 5 12 2 Matter Fused 220 | . 3 5 4 6 9 1 1 5 2 3 6 64 25 7 . . 6 2 . . 4 9 1 1 2 7 . . 6 5 2 2 17 7 6 2 Heat Flow Errors 106 | . 4 1 5 2 1 1 . . 1 4 3 29 8 8 . . 2 2 . . . 2 1 1 . 2 . . 5 4 2 1 9 2 3 3 Energy Discharges 122 | . 2 5 2 4 5 1 . . 2 4 4 34 10 8 . . 2 1 . . 2 4 1 6 1 1 . . 6 2 2 1 5 4 1 2 Parts Rejected 6 | . . . . . . . . . 1 . 1 1 . 1 . . . . . . . . . . . 1 . . . . . . . . . 1 Data Loss (minor) 118 | . 1 5 2 1 4 3 1 1 1 4 7 34 13 9 1 . . . . . 1 4 . 4 . 1 . . 3 2 5 . 3 5 3 . Data Loss (major) 49 | . . 3 . 2 1 1 . 1 . . . 16 3 3 1 . . . . . . 4 . 2 . . . . 1 2 . . 3 3 2 1 Misfires 34 | . . . . 1 . . . 3 . 1 4 5 3 3 . . 1 1 . . . 3 . 1 . 1 . . 4 . 1 . 2 . . . Alerts 24 | . . . . . . 1 . . 1 . 1 9 3 2 . . . . . . . . . 1 1 2 . . . . 1 . . 2 . . Misdirections 8 | . . . . . . . . . . . . . 1 . . . . . . . . . . . . . . . 3 . 1 . . 2 . 1 Weapon Failures 33 | . . . . . . . . . . 2 2 9 3 4 . . . . . . . . . . 1 . . . 1 . 1 . 1 3 6 . Overload Shots 21 | . . . . . . . . . . 2 6 1 1 8 . . . . . . . . . . . . . 3 . . . . . . . . Overflow Damage 16032 | . 27 . . . 77 29 . 11 29 118 4 1147 75 56 . 17 1554 89 80 . 65 3358 2853 1482 40 2458 129 17 891 . 24 340 205 417 423 17 Projectiles 2335 | . . . . . 30 12 . 11 18 65 4 288 31 53 . 17 251 89 35 . 37 202 394 57 40 269 . 6 53 . . . . 96 260 17 Explosions 10158 | . 27 . . . 47 17 . . 11 53 . 267 44 3 . . 646 . 37 . 28 1851 2459 1425 . 2189 129 11 588 . 24 . 95 44 163 . Melee 3539 | . . . . . . . . . . . . 592 . . . . 657 . 8 . . 1305 . . . . . . 250 . . 340 110 277 . . Knockbacks 128 | . . . . . 6 8 . 11 22 16 1 3 . 3 . . 15 . 1 . 3 5 1 . . 2 . . 9 . . . . 2 16 4 Impact 18 | . . . . . . . . . . . . . . . . . 9 . 1 . . 4 . . . 1 . . 1 . . . . 2 . . Kinetic 106 | . . . . . 6 8 . 11 21 16 1 3 . 3 . . 6 . . . 3 1 1 . . 1 . . 8 . . . . . 14 3 Secondary 4 | . . . . . . . . . 1 . . . . . . . . . . . . . . . . . . . . . . . . . 2 1 Self-Inflicted Damage 2041 | . 64 . . . 59 9 . . 15 26 . 48 121 104 . 41 145 . 92 . 40 275 101 . . 173 93 170 159 . 18 . . 33 255 . Shots 51 | . 2 . . . 4 1 . . 1 1 . 2 4 3 . 1 4 . 2 . 1 6 1 . . 2 2 2 4 . 1 . . 2 5 . Rammed 16 | . 2 . . . 3 . . . 3 1 . . . . . . . . 1 . . . . . 1 3 . . 1 . . . . . 1 . Targets Rammed 19 | . 2 . . . 3 . . . 5 1 . . . . . . . . 2 . . . . . 1 3 . . 1 . . . . . 1 . Kicked . | . . . . . . . . . . . . . . . . . . . . . . . . . . . . . . . . . . . . . Crushed 3 | . . . . . . . . . 2 . . . . . . . . . 1 . . . . . . . . . . . . . . . . . Highest Temperature 450 | 72 203 178 279 249 318 263 . . 156 285 250 373 249 247 . 12 311 234 82 . 315 327 450 307 331 373 60 69 423 143 232 206 256 192 196 216 Average Temperature 88 | 42 39 25 112 129 72 73 . . 35 103 108 85 86 73 . 6 88 60 21 . 110 90 131 98 89 93 27 20 72 65 99 110 89 47 80 78 Received Heat Transfer 5408 | . . 105 . . 959 125 . 63 592 224 . 317 78 81 . . 739 85 72 . 178 165 46 119 12 274 29 . 561 20 . . 57 186 267 54 Effects 36 | . . . . 1 2 . . . . 2 . 6 . . . . 5 . . . . . 7 3 2 5 . . 3 . . . . . . . Shutdowns 5 | . . . . . . . . . . . . 1 . . . . . . . . . . 2 . . . . . 2 . . . . . . . Energy Bleed 14 | . . . . 1 2 . . . . 2 . . . . . . 5 . . . . . 1 1 1 1 . . . . . . . . . . Interference 12 | . . . . . . . . . . . . 4 . . . . . . . . . . 3 2 . 3 . . . . . . . . . . Matter Decay 3 | . . . . . . . . . . . . . . . . . . . . . . . 1 . 1 . . . 1 . . . . . . . Damage (minor) 2 | . . . . . . . . . . . . 1 . . . . . . . . . . . . . 1 . . . . . . . . . . Siege Activations 41 | . . . . . . . . . . . . . . . . . 3 4 . . 6 2 3 9 3 9 . . 2 . . . . . . . Total Turns 7948 | . . . . . . . . . . . . . . . . . 1875 19 . . 578 1998 1470 470 66 1417 . . 55 . . . . . . . Longest Duration 1899 | . . . . . . . . . . . . . . . . . 1524 11 . . 497 1899 787 297 44 670 . . 51 . . . . . . . Robots Corrupted 4 | . 1 . . . . . . . . . . . . . . . . 1 . . 1 . . . . . . . 1 . . . . . . . Combat Hostiles 2 | . . . . . . . . . . . . . . . . . . . . . 1 . . . . . . . 1 . . . . . . . Parts Fried 51 | . . . . . . 1 . . . . . . . . . . 9 5 1 . 2 16 . 1 . . . . 7 . . 2 . 6 1 . Impact Corruptions 67 | . . . . . . . . . . . . . . . . . 17 . 2 . . 29 . . . . . . 2 . . 9 3 4 1 . Robots Melted 13 | . . . . . . 1 . . . . . 2 . 1 . . . . . . . 4 . 1 1 2 . 1 . . . . . . . . Combat Hostiles 3 | . . . . . . . . . . . . . . 1 . . . . . . . . . 1 . . . 1 . . . . . . . . Parts Melted 63 | . . . . . . 1 . . . 1 . 11 . 1 . . 2 . . . . 19 13 2 4 5 . 1 2 . . . . 1 . . Heat Transferred 42860 | 100 400 . . . . 962 . . 148 322 988 4900 370 470 . . 2875 . . . . 5475 7714 1962 1295 5414 148 6205 892 . . . . 1813 333 74 Parts Sabotaged 5 | . . . . . . . . . . . . . . . . . 3 . . . . . . . . . . . . . . . . . 2 . Parts Stolen . | . . . . . . . . . . . . . . . . . . . . . . . . . . . . . . . . . . . . . Parts Stripped . | . . . . . . . . . . . . . . . . . . . . . . . . . . . . . . . . . . . . . Power Chain Reactions 46 | . 3 . . . 2 . . . . . . . . . . . . . . . . 4 8 9 . 15 . . 5 . . . . . . . Missiles Intercepted . | . . . . . . . . . . . . . . . . . . . . . . . . . . . . . . . . . . . . . Alert | -11 -10 -10 -10 -9 -8 -8 -8 -8 -8 -7 -7 -7 -7 -7 -7 -6 -6 -6 -6 -6 -5 -5 -5 -5 -5 -5 -4 -4 -4 -4 -4 -4 -3 -3 -2 -1 ------- Run | Jun Mat Min Exi Min Mat Gar Mat Gar Mat Fac Was Fac Low Low Zio Pro Fac Low Low Dat Pro Fac Ext Cet Arc Hub Fac Was Fac Upp Upp Zhi Pro Res Res Acc Peak Influence 6864 | 10 184 90 . 87 1060 1107 539 1091 826 652 208 3651 . . . . 4208 . . . . 5155 5942 6864 2961 6053 3453 1390 2406 . . . . 412 1609 1106 Initial 3327 | . 6 . . . . 664 539 352 531 353 198 . . . . . . . . . . 88 2525 3327 2745 966 2965 1208 613 . . . . 13 157 923 Average 1375 | 8 67 15 . 5 642 863 539 685 634 484 70 947 . . . . 967 . . . . 1392 4316 4989 2870 4028 3095 1125 993 . . . . 138 925 980 Maximum Alert Level 5 | . . . . . 3 4 2 3 3 2 1 5 . . . . 5 . . . . 5 5 5 5 5 5 4 5 . . . . 2 5 4 Low Security (%) 24 | 100 100 100 . 100 11 . . . . . 80 8 . . . . 47 . . . . 28 . . . . . . . . . . . 68 5 . Level 1 7 | . . . . . 7 . . 7 . 20 19 7 . . . . 3 . . . . 20 . . . . . . . . . . . 26 28 . Level 2 17 | . . . . . 37 8 100 44 84 79 . 47 . . . . 2 . . . . 3 . . . . . . 27 . . . . 4 8 . Level 3 15 | . . . . . 43 89 . 48 15 . . 7 . . . . 7 . . . . 8 . . . 9 . 52 49 . . . . . 5 89 Level 4 8 | . . . . . . 1 . . . . . 10 . . . . 17 . . . . 6 . . . 4 . 47 11 . . . . . 51 10 Level 5 9 | . . . . . . . . . . . . 6 . . . . 1 . . . . 19 26 33 100 27 93 . 4 . . . . . . . High Security 15 | . . . . . . . . . . . . 13 . . . . 18 . . . . 12 73 66 . 58 6 . 7 . . . . . . . Max Security . | . . . . . . . . . . . . . . . . . . . . . . . . . . . . . . . . . . . . . Sterilizations 7 | . . . . . 1 . . . . . . 1 . . . . 1 . . . . 1 1 1 . 1 . . . . . . . . . . Squads Dispatched 326 | . . . . . 12 . . . 3 8 . 48 . 1 . . 48 . . . 1 58 37 22 . 36 6 . 24 . . . . 5 11 6 Investigation 51 | . . . . . 3 . . . . . . 13 . 1 . . 8 . . . 1 15 . . . . . . 4 . . . . 2 1 3 Extermination 36 | . . . . . . . . . . 2 . 8 . . . . 6 . . . . 7 . . . 1 1 . 5 . . . . 2 3 1 Reinforcement 53 | . . . . . 2 . . . 2 3 . 10 . . . . 8 . . . . 10 1 . . 7 2 . 2 . . . . 1 3 2 Assault 177 | . . . . . 2 . . . 1 3 . 17 . . . . 26 . . . . 26 36 22 . 28 3 . 10 . . . . . 3 . Garrison 9 | . . . . . 5 . . . . . . . . . . . . . . . . . . . . . . . 3 . . . . . 1 . Intercept . | . . . . . . . . . . . . . . . . . . . . . . . . . . . . . . . . . . . . . Searches Triggered 1 | . . . . . . . . . . . . . . . . . . . . . . 1 . . . . . . . . . . . . . . Data Miner Redirects 35 | . . . . . . . . . . . . . . . . . . . . . . 21 3 . . 1 2 . 5 . . . . 1 1 1 Construction Impeded 34 | . . . . . 2 . . . 1 1 . 9 . . . . 7 . . . . 5 1 . . 6 . . 1 . . . . . 1 . Haulers Reinforced 7 | . . . . . . . . . . 1 . 1 . . . . . . . . . 1 . . . 1 . . 1 . . . . . 2 . Active Scanning Responses . | . . . . . . . . . . . . . . . . . . . . . . . . . . . . . . . . . . . . . Cargo Convoy Interrupts 3 | . . . . . . . . . . 1 . . . . . . . . . . . 1 . . . . . . . . . . . . 1 . Stealth | -11 -10 -10 -10 -9 -8 -8 -8 -8 -8 -7 -7 -7 -7 -7 -7 -6 -6 -6 -6 -6 -5 -5 -5 -5 -5 -5 -4 -4 -4 -4 -4 -4 -3 -3 -2 -1 --------- Run | Jun Mat Min Exi Min Mat Gar Mat Gar Mat Fac Was Fac Low Low Zio Pro Fac Low Low Dat Pro Fac Ext Cet Arc Hub Fac Was Fac Upp Upp Zhi Pro Res Res Acc Distress Signals 39 | . . . . . 7 . . . 3 3 . 2 . . . . 2 . . . . 4 . 2 . 3 2 . 2 . . . . 2 6 1 Communications Jammed 58 | . . . . . . . . . . . . . . . . . . . . . . . . . . . . . . . . . . 3 55 . Distress Signals 56 | . . . . . . . . . . . . . . . . . . . . . . . . . . . . . . . . . . 3 53 . Times Spotted 1280 | . 16 7 . 3 65 12 . 21 25 25 18 108 20 25 . 9 153 7 21 . 21 108 86 85 17 163 7 6 100 3 13 . 5 39 63 29 Peak Tracking Total 23 | . 3 2 . 3 6 3 . 4 6 4 5 14 7 13 . 3 16 4 4 . 6 13 21 23 2 14 5 5 15 2 6 . 4 6 17 10 Tactical Retreats 90 | . 1 1 . . 1 . . 5 3 . 6 3 . 1 . 2 4 . 2 . 2 16 1 1 . 4 . . 15 . 1 . 1 5 8 7 Traps | -11 -10 -10 -10 -9 -8 -8 -8 -8 -8 -7 -7 -7 -7 -7 -7 -6 -6 -6 -6 -6 -5 -5 -5 -5 -5 -5 -4 -4 -4 -4 -4 -4 -3 -3 -2 -1 ------- Run | Jun Mat Min Exi Min Mat Gar Mat Gar Mat Fac Was Fac Low Low Zio Pro Fac Low Low Dat Pro Fac Ext Cet Arc Hub Fac Was Fac Upp Upp Zhi Pro Res Res Acc Traps Triggered 29 | . 4 . . . 1 3 . . . 2 . 2 . . . . . . . . . 2 . . . . 3 . 6 . . . . 3 2 1 Indirectly 5 | . . . . . . . . . . . . . . . . . . . . . . . . . . . 2 . 3 . . . . . . . Trap Hack Attempts 46 | . . . . . . 19 . 22 . 5 . . . . . . . . . . . . . . . . . . . . . . . . . . Triggered . | . . . . . . . . . . . . . . . . . . . . . . . . . . . . . . . . . . . . . Disarmed 3 | . . . . . . 1 . 1 . . . 1 . . . . . . . . . . . . . . . . . . . . . . . . Reprogrammed 21 | . . . . . 5 3 . . . 3 . . . . . . 2 . . . . 6 . . . . . . . . . . . 2 . . Reused 9 | . . . . . . . . . . 1 . . . . . . 2 . . . . 6 . . . . . . . . . . . . . . Traps Extracted . | . . . . . . . . . . . . . . . . . . . . . . . . . . . . . . . . . . . . . Installed 22 | . . . . . . . . . . . . . . 3 . . . . 10 . . . . . . . . . . . . . 9 . . . Triggered 12 | . . . . . . . . . . 2 . . . . . . 2 . . . 2 6 . . . . . . . . . . . . . . Most Traps Carried 3 | . . . . 3 3 3 3 3 3 3 3 . . . . . . . . . . . . . . . . . . . . . . . . . Machines | -11 -10 -10 -10 -9 -8 -8 -8 -8 -8 -7 -7 -7 -7 -7 -7 -6 -6 -6 -6 -6 -5 -5 -5 -5 -5 -5 -4 -4 -4 -4 -4 -4 -3 -3 -2 -1 ---------- Run | Jun Mat Min Exi Min Mat Gar Mat Gar Mat Fac Was Fac Low Low Zio Pro Fac Low Low Dat Pro Fac Ext Cet Arc Hub Fac Was Fac Upp Upp Zhi Pro Res Res Acc Machines Disabled 201 | . 1 . . . 3 2 . 1 2 6 . 32 . 2 . . 38 . . . 4 29 1 11 4 20 14 . 23 1 . . . 1 5 1 Max in Single Turn 21 | . 1 . . . 1 1 . 1 1 4 . 21 . 1 . . 18 . . . 1 4 1 2 1 3 8 . 2 1 . . . 1 1 1 Garrison Access 17 | . . . . . . . . . . 3 . 4 . . . . 4 . . . . 3 . . . 1 . . . . . . . 1 1 . Network Hub 4 | . . . . . . . . . . . . . . . . . . . . . . . . . . 4 . . . . . . . . . . Machines Repaired . | . . . . . . . . . . . . . . . . . . . . . . . . . . . . . . . . . . . . . Machines Sabotaged . | . . . . . . . . . . . . . . . . . . . . . . . . . . . . . . . . . . . . . Overloaded Fab Kills . | . . . . . . . . . . . . . . . . . . . . . . . . . . . . . . . . . . . . . Hacking | -11 -10 -10 -10 -9 -8 -8 -8 -8 -8 -7 -7 -7 -7 -7 -7 -6 -6 -6 -6 -6 -5 -5 -5 -5 -5 -5 -4 -4 -4 -4 -4 -4 -3 -3 -2 -1 --------- Run | Jun Mat Min Exi Min Mat Gar Mat Gar Mat Fac Was Fac Low Low Zio Pro Fac Low Low Dat Pro Fac Ext Cet Arc Hub Fac Was Fac Upp Upp Zhi Pro Res Res Acc Machines Accessed 217 | . 8 2 2 . 14 2 3 5 1 4 . 37 1 2 . . 33 . 3 4 1 36 . 1 . 4 1 . 16 . 1 4 . 16 12 4 Terminals 116 | . 7 1 . . 8 2 2 5 . 2 . 18 . 1 . . 18 . . . 1 17 . 1 . 4 . . 9 . . . . 9 7 4 Fabricators 23 | . . . . . . . . . . . . 5 . . . . 5 . . . . 6 . . . . 1 . 3 . . . . . 3 . Repair Stations 7 | . . . . . 2 . . . . . . . . . . . . . . . . 4 . . . . . . 1 . . . . . . . Recycling Units 25 | . 1 . . . 2 . . . 1 . . 6 . . . . 4 . . . . 5 . . . . . . 2 . . . . 3 1 . Scanalyzers 10 | . . . . . 1 . . . . . . 4 . . . . 2 . . . . 1 . . . . . . 1 . . . . 1 . . Garrison Access 19 | . . . . . 1 . 1 . . 2 . 4 . . . . 4 . . . . 3 . . . . . . . . . . . 3 1 . Total Hacks 863 | . 33 2 2 . 40 6 9 8 2 11 . 128 1 6 . . 155 . 11 29 3 132 . 4 . 11 2 . 101 . 1 17 . 70 64 15 Successful 450 | . 15 1 2 . 18 2 2 4 . 4 . 59 1 6 . . 88 . 11 29 3 96 . . . 4 . . 49 . 1 17 . 20 18 . Failed 412 | . 18 1 . . 22 4 7 4 2 7 . 69 . . . . 66 . . . . 36 . 4 . 7 2 . 52 . . . . 50 46 15 Catastrophic 92 | . 1 . . . 3 . 2 1 . 1 . 12 . . . . 10 . . . . 7 . 2 . 3 . . 12 . . . . 16 15 7 Database Lockouts 1 | . . . . . . . . . . . . . . . . . 1 . . . . . . . . . . . . . . . . . . . Manual 335 | . 26 1 1 . 20 2 5 1 . 4 . 51 . . . . 65 . . . . 55 . 1 . 2 . . 65 . . . . 22 14 . Terminals 522 | . 31 1 . . 22 6 8 8 . 8 . 67 . 5 . . 102 . . . 3 77 . 4 . 11 . . 64 . . . . 48 42 15 Fabricators 70 | . . . . . . . . . . . . 15 . . . . 12 . . . . 19 . . . . 2 . 8 . . . . . 14 . Repair Stations 32 | . . . . . 8 . . . . . . . . . . . . . . . . 16 . . . . . . 8 . . . . . . . Recycling Units 88 | . 2 . . . 4 . . . 2 . . 21 . . . . 17 . . . . 14 . . . . . . 10 . . . . 11 7 . Scanalyzers 54 | . . . . . 4 . . . . . . 18 . . . . 18 . . . . 2 . . . . . . 11 . . . . 1 . . Garrison Access 34 | . . . . . 2 . 1 . . 3 . 7 . . . . 6 . . . . 4 . . . . . . . . . . . 10 1 . Terminal Hacks 226 | . 14 1 2 . 7 1 1 3 . 2 . 18 1 6 . . 34 . 11 29 3 37 . . . 4 . . 14 . 1 17 . 10 10 . Record 35 | . . . 1 . . . . . . . . . . 5 . . . . 9 11 3 . . . . . . . . . . 5 . . 1 . Part Schematic 33 | . 3 . . . 1 . . . . 1 . 3 . . . . 7 . . 10 . 3 . . . 1 . . . . . 4 . . . . Robot Schematic 5 | . . . . . . . . . . . . . . . . . . . . 5 . . . . . . . . . . . . . . . . Robot Analysis 21 | . 9 . . . 4 . . . . . . . . . . . 3 . . . . 1 . . . . . . . . . 4 . . . . Prototype ID Bank 17 | . 1 . . . 1 . . . . . . 2 . . . . 3 . . 3 . 3 . . . . . . . . . 4 . . . . Open Door 8 | . . 1 . . . . . 1 . . . . 1 1 . . . . 2 . . 1 . . . . . . . . 1 . . . . . Level Access Points 1 | . . . . . . . . . . . . . . . . . . . . . . . . . . . . . . . . . . . 1 . Branch Access Points 6 | . . . . . . . . . . 1 . 1 . . . . 1 . . . . 1 . . . . . . 1 . . . . . 1 . Emergency Access Points 5 | . . . . . . . . . . . . . . . . . . . . . . 3 . . . 1 . . . . . . . . 1 . Machine Index 1 | . . . . . . . . . . . . 1 . . . . . . . . . . . . . . . . . . . . . . . . Terminal Index 6 | . . . . . . . . . . . . 1 . . . . 1 . . . . . . . . 1 . . 1 . . . . 1 1 . Fabricator Index 2 | . . . . . . . . . . . . . . . . . 1 . . . . 1 . . . . . . . . . . . . . . Repair Station Index 1 | . . . . . . . . . . . . . . . . . 1 . . . . . . . . . . . . . . . . . . . Recycling Unit Index 4 | . . . . . . . . . . . . 1 . . . . 1 . . . . 1 . . . . . . 1 . . . . . . . Scanalyzer Index 1 | . . . . . . . . . . . . . . . . . 1 . . . . . . . . . . . . . . . . . . . Garrison Index 1 | . . . . . . . . . . . . . . . . . 1 . . . . . . . . . . . . . . . . . . . Alert Level 7 | . . . . . . . 1 . . . . 1 . . . . 2 . . . . 1 . . . 1 . . . . . . . 1 . . Unreport Threat 23 | . . . . . . . . . . . . 4 . . . . 4 . . . . 5 . . . . . . 6 . . . . 2 2 . Locate Traps 12 | . . . . . . . . . . . . 1 . . . . . . . . . 5 . . . . . . 2 . . . . 2 2 . Disarm Traps 1 | . . . . . . . . . . . . 1 . . . . . . . . . . . . . . . . . . . . . . . . Reprogram Traps 4 | . . . . . 1 . . . . . . . . . . . 1 . . . . 1 . . . . . . . . . . . 1 . . Maintenance Status 1 | . . . . . . . . . . . . . . . . . 1 . . . . . . . . . . . . . . . . . . . Security Status 1 | . . . . . . . . . . . . . . . . . . . . . . 1 . . . . . . . . . . . . . . Patrol Status 1 | . . . . . . . . . . . . . . . . . . . . . . 1 . . . . . . . . . . . . . . Transport Status 1 | . . . . . . . . . . . . . . . . . 1 . . . . . . . . . . . . . . . . . . . Recall Investigation 2 | . . . . . . . . . . . . . . . . . 1 . . . . 1 . . . . . . . . . . . . . . Recall Extermination 5 | . . . . . . . . . . . . . . . . . 1 . . . . 2 . . . . . . 1 . . . . . 1 . Recall Reinforcements 2 | . . . . . . . . . . . . . . . . . . . . . . 2 . . . . . . . . . . . . . . Recall Assault 1 | . . . . . . . . . . . . . . . . . . . . . . . . . . . . . 1 . . . . . . . Hauler Manifests 6 | . 1 . . . . . . . . . . 1 . . . . 1 . . . . 2 . . . . . . 1 . . . . . . . Zone Layout 8 | . . . . . . . . . . . . 1 . . . . 2 . . . . 2 . . . . . . . . . . . 3 . . Garrison Registry 2 | . . . . . . 1 . 1 . . . . . . . . . . . . . . . . . . . . . . . . . . . . Patrol Navigation 1 | . . . . . . . . 1 . . . . . . . . . . . . . . . . . . . . . . . . . . . . EX-Prototype ID Bank 1 | . . . 1 . . . . . . . . . . . . . . . . . . . . . . . . . . . . . . . . . Fabricator Hacks 43 | . . . . . . . . . . . . 10 . . . . 9 . . . . 15 . . . . . . 7 . . . . . 2 . Network Status 2 | . . . . . . . . . . . . . . . . . . . . . . 1 . . . . . . 1 . . . . . . . Load Schematic 22 | . . . . . . . . . . . . 5 . . . . 5 . . . . 7 . . . . . . 3 . . . . . 2 . Build 19 | . . . . . . . . . . . . 5 . . . . 4 . . . . 7 . . . . . . 3 . . . . . . . Repair Station Hacks 20 | . . . . . 3 . . . . . . . . . . . . . . . . 12 . . . . . . 5 . . . . . . . Scan Component 12 | . . . . . 2 . . . . . . . . . . . . . . . . 6 . . . . . . 4 . . . . . . . Repair 7 | . . . . . 1 . . . . . . . . . . . . . . . . 5 . . . . . . 1 . . . . . . . Refit 1 | . . . . . . . . . . . . . . . . . . . . . . 1 . . . . . . . . . . . . . . Recycling Unit Hacks 17 | . 1 . . . . . . . . . . 3 . . . . 6 . . . . 3 . . . . . . 2 . . . . 1 1 . Retrieve Matter 1 | . . . . . . . . . . . . . . . . . 1 . . . . . . . . . . . . . . . . . . . Retrieve Components 16 | . 1 . . . . . . . . . . 3 . . . . 5 . . . . 3 . . . . . . 2 . . . . 1 1 . Scanalyzer 30 | . . . . . 4 . . . . . . 8 . . . . 7 . . . . 2 . . . . . . 9 . . . . . . . Insert Component 17 | . . . . . 2 . . . . . . 5 . . . . 4 . . . . 2 . . . . . . 4 . . . . . . . Analyze 13 | . . . . . 2 . . . . . . 3 . . . . 3 . . . . . . . . . . . 5 . . . . . . . Garrison Access Hacks 15 | . . . . . 1 . 1 . . 1 . 4 . . . . 4 . . . . 3 . . . . . . . . . . . 1 . . Unlock Access 2 | . . . . . 1 . 1 . . . . . . . . . . . . . . . . . . . . . . . . . . . . . Seal Access 13 | . . . . . . . . . . 1 . 4 . . . . 4 . . . . 3 . . . . . . . . . . . 1 . . Unauthorized Hacks 99 | . . . . . 3 1 . 1 . 1 . 16 . . . . 28 . . . . 24 . . . . . . 12 . . . . 8 5 . Terminals 61 | . . . . . 3 1 . 1 . 1 . 8 . . . . 18 . . . . 14 . . . . . . 7 . . . . 3 5 . Track 6 | . . . . . . . . . . . . . . . . . 3 . . . . 2 . . . . . . 1 . . . . . . . Assimilate 15 | . . . . . 2 . . . . . . 1 . . . . 4 . . . . 5 . . . . . . 1 . . . . 2 . . Botnet 35 | . . . . . 1 1 . 1 . 1 . 6 . . . . 10 . . . . 6 . . . . . . 4 . . . . 1 4 . Operators 5 | . . . . . . . . . . . . 1 . . . . 1 . . . . 1 . . . . . . 1 . . . . . 1 . Fabricators 5 | . . . . . . . . . . . . . . . . . 2 . . . . 3 . . . . . . . . . . . . . . Prioritize 1 | . . . . . . . . . . . . . . . . . . . . . . 1 . . . . . . . . . . . . . . Liberate 2 | . . . . . . . . . . . . . . . . . 1 . . . . 1 . . . . . . . . . . . . . . Haulers 1 | . . . . . . . . . . . . . . . . . . . . . . 1 . . . . . . . . . . . . . . Recompile 1 | . . . . . . . . . . . . . . . . . 1 . . . . . . . . . . . . . . . . . . . Repair Stations . | . . . . . . . . . . . . . . . . . . . . . . . . . . . . . . . . . . . . . Recycling Units 33 | . . . . . . . . . . . . 8 . . . . 8 . . . . 7 . . . . . . 5 . . . . 5 . . Reject 15 | . . . . . . . . . . . . 4 . . . . 4 . . . . 3 . . . . . . 2 . . . . 2 . . Recyclers 4 | . . . . . . . . . . . . 1 . . . . . . . . . 1 . . . . . . 1 . . . . 1 . . Mask 14 | . . . . . . . . . . . . 3 . . . . 4 . . . . 3 . . . . . . 2 . . . . 2 . . Scanalyzers . | . . . . . . . . . . . . . . . . . . . . . . . . . . . . . . . . . . . . . Garrison Access . | . . . . . . . . . . . . . . . . . . . . . . . . . . . . . . . . . . . . . Data Cores Recovered 3 | . . . . . 1 . . . . 1 . . . . . . . . . . . . . . . . . . 1 . . . . . . . Used 1 | . . . . . . . . . . 1 . . . . . . . . . . . . . . . . . . . . . . . . . . Hacking Detections 166 | . 8 1 . . 14 2 3 4 1 3 . 31 . 1 . . 21 . . . 1 29 . 1 . 4 1 . 14 . . . . 11 12 4 Full Trace Events 47 | . . . . . 3 . . . 1 . . 12 . 1 . . 5 . . . 1 14 . . . . . . 4 . . . . 2 1 3 Feedback Events 8 | . . . . . . . . . 1 . . 2 . . . . . . . . . 2 . . . . . . . . . . . 1 . 2 Corruption 5 | . . . . . . . . . 1 . . 1 . . . . . . . . . 1 . . . . . . . . . . . 1 . 1 Hackware Fried 3 | . . . . . . . . . . . . 1 . . . . . . . . . 1 . . . . . . . . . . . . . 1 Feedback Blocked . | . . . . . . . . . . . . . . . . . . . . . . . . . . . . . . . . . . . . . Robot Schematics Acquired 7 | . . . . . . . . . . . . . . . 2 . . . . 5 . . . . . . . . . . . . . . . . Robots Built . | . . . . . . . . . . . . . . . . . . . . . . . . . . . . . . . . . . . . . Authchips . | . . . . . . . . . . . . . . . . . . . . . . . . . . . . . . . . . . . . . Time . | . . . . . . . . . . . . . . . . . . . . . . . . . . . . . . . . . . . . . Total Robot Build Rating . | . . . . . . . . . . . . . . . . . . . . . . . . . . . . . . . . . . . . . Part Schematics Acquired 58 | . 3 . . . 3 . . . . 1 . 6 . . 15 . 10 . . 10 . 3 . . . 1 . . 2 . . 4 . . . . Parts Built 26 | . . . . . . . . . . . . 9 . . . . 6 . . . . 8 . . . . . . 3 . . . . . . . Authchips 1 | . . . . . . . . . . . . . . . . . . . . . . 1 . . . . . . . . . . . . . . Time 1407 | . . . . . . . . . . . . 246 . . . . 290 . . . . 593 . . . . . . 278 . . . . . . . Total Part Build Rating 131 | . . . . . . . . . . . . 38 . . . . 34 . . . . 42 . . . . . . 17 . . . . . . . Parts Repaired 7 | . . . . . 1 . . . . . . . . . . . . . . . . 5 . . . . . . 1 . . . . . . . Time 274 | . . . . . 38 . . . . . . . . . . . . . . . . 185 . . . . . . 51 . . . . . . . Parts Recycled . | . . . . . . . . . . . . . . . . . . . . . . . . . . . . . . . . . . . . . Recycled Matter . | . . . . . . . . . . . . . . . . . . . . . . . . . . . . . . . . . . . . . Retrieved Matter . | . . . . . . . . . . . . . . . . . . . . . . . . . . . . . . . . . . . . . Retrieved Components 32 | . 6 . . . . . . . . . . 7 . . . . 7 . . . . 5 . . . . . . 5 . . . . . 2 . Parts Scanalyzed 10 | . . . . . 2 . . . . . . 3 . . . . 3 . . . . . . . . . . . 2 . . . . . . . Part Schematics Acquired 10 | . . . . . 2 . . . . . . 3 . . . . 3 . . . . . . . . . . . 2 . . . . . . . Parts Damaged . | . . . . . . . . . . . . . . . . . . . . . . . . . . . . . . . . . . . . . Bothacking | -11 -10 -10 -10 -9 -8 -8 -8 -8 -8 -7 -7 -7 -7 -7 -7 -6 -6 -6 -6 -6 -5 -5 -5 -5 -5 -5 -4 -4 -4 -4 -4 -4 -3 -3 -2 -1 ------------ Run | Jun Mat Min Exi Min Mat Gar Mat Gar Mat Fac Was Fac Low Low Zio Pro Fac Low Low Dat Pro Fac Ext Cet Arc Hub Fac Was Fac Upp Upp Zhi Pro Res Res Acc Used RIF Installer . | . . . . . . . . . . . . . . . . . . . . . . . . . . . . . . . . . . . . . Robots Hacked 6 | . . . . . . . . . . . . . . . . . . . . . . 1 . . . . 1 . . . . . . 4 . . Non-combat 6 | . . . . . . . . . . . . . . . . . . . . . . 1 . . . . 1 . . . . . . 4 . . Combat . | . . . . . . . . . . . . . . . . . . . . . . . . . . . . . . . . . . . . . Robot Hacks Applied 8 | . . . . . . . . . . . . . . . . . . . . . . 1 . . . . 2 . . . . . . 5 . . parse_system 1 | . . . . . . . . . . . . . . . . . . . . . . . . . . . . . . . . . . 1 . . no_distress 2 | . . . . . . . . . . . . . . . . . . . . . . . . . . . 1 . . . . . . 1 . . find_chute 2 | . . . . . . . . . . . . . . . . . . . . . . 1 . . . . 1 . . . . . . . . . find_fabricator 1 | . . . . . . . . . . . . . . . . . . . . . . . . . . . . . . . . . . 1 . . find_recycling 1 | . . . . . . . . . . . . . . . . . . . . . . . . . . . . . . . . . . 1 . . find_station 1 | . . . . . . . . . . . . . . . . . . . . . . . . . . . . . . . . . . 1 . . Relay Couplers Released 19 | . . . . . . . . . . 2 . 1 . . . . . . . . . 4 . . . 4 . . 2 . . . . 3 3 . Machine Destruction 16 | . . . . . . . . . . 2 . 1 . . . . . . . . . 4 . . . 4 . . 2 . . . . . 3 . Programmers 3 | . . . . . . . . . . . . . . . . . . . . . . . . . . . . . . . . . . 3 . . Fabnet Peak Effective % . | . . . . . . . . . . . . . . . . . . . . . . . . . . . . . . . . . . . . . Robots Rewired 8 | . . . . . . . . 3 . . . . 2 . . . . . . . . . 3 . . . . . . . . . . . . . Allies Hacked . | . . . . . . . . . . . . . . . . . . . . . . . . . . . . . . . . . . . . . Hacks Repelled . | . . . . . . . . . . . . . . . . . . . . . . . . . . . . . . . . . . . . . Allies | -11 -10 -10 -10 -9 -8 -8 -8 -8 -8 -7 -7 -7 -7 -7 -7 -6 -6 -6 -6 -6 -5 -5 -5 -5 -5 -5 -4 -4 -4 -4 -4 -4 -3 -3 -2 -1 -------- Run | Jun Mat Min Exi Min Mat Gar Mat Gar Mat Fac Was Fac Low Low Zio Pro Fac Low Low Dat Pro Fac Ext Cet Arc Hub Fac Was Fac Upp Upp Zhi Pro Res Res Acc Total Allies 71 | . . . . . . . . 3 . . 18 1 2 . . . 5 . . . 1 10 4 5 . . . 19 1 . . . . 2 . . Largest Group 19 | . . . . . . . . 3 1 . 18 13 2 1 . . 3 . . . 1 3 4 8 . . . 19 16 . . . . 2 . . Highest-Rated Group 696 | . . . . . . . . 84 39 . 444 384 48 14 . . 78 . . . 96 118 255 696 . . . 684 609 . . . . 52 . . Highest-Rated Ally 159 | . . . . . . . . 39 39 . 35 35 32 14 . . 32 . . . 96 54 159 159 . . . 50 50 . . . . 26 . . Warlord Squad Rendezvous 9 | . . . . . . . . . . . . . . . . . 3 . . . . 6 . . . . . . . . . . . . . . Dakka 3 | . . . . . . . . . . . . . . . . . 1 . . . . 2 . . . . . . . . . . . . . . Muscle 3 | . . . . . . . . . . . . . . . . . . . . . . 3 . . . . . . . . . . . . . . Ranger 1 | . . . . . . . . . . . . . . . . . 1 . . . . . . . . . . . . . . . . . . . Pyro 1 | . . . . . . . . . . . . . . . . . 1 . . . . . . . . . . . . . . . . . . . Chimera 1 | . . . . . . . . . . . . . . . . . . . . . . 1 . . . . . . . . . . . . . . Total Orders 38 | . . . . . . . . . . . . . . 1 . . 4 . . . . . . . . . 4 . . 11 2 . 16 . . . STAY 2 | . . . . . . . . . . . . . . . . . . . . . . . . . . . . . . . . . 2 . . . ROAM 2 | . . . . . . . . . . . . . . 1 . . . . . . . . . . . . . . . 1 . . . . . . EXPLORE 30 | . . . . . . . . . . . . . . . . . 4 . . . . . . . . . 4 . . 6 2 . 14 . . . RETURN 4 | . . . . . . . . . . . . . . . . . . . . . . . . . . . . . . 4 . . . . . . Ally Attacks 555 | . . . . . . . . 37 5 . 38 160 15 . . . 3 . . . 32 16 . 158 . . . . 91 . . . . . . . Total Damage 14535 | . . . . . . . . 349 . . 621 4199 301 . . . 118 . . . 1288 251 . 4532 . . . . 2876 . . . . . . . Kills 102 | . . . . . . . . 9 . . 2 35 3 . . . . . . . 6 4 . 25 . . . . 18 . . . . . . . Allies Corrupted 3 | . . . . . . . . . . . . 1 . . . . . . . . . . . 2 . . . . . . . . . . . . Allies Melted 2 | . . . . . . . . . . . . 1 . . . . . . . . . . . . . . . . 1 . . . . . . . Intel | -11 -10 -10 -10 -9 -8 -8 -8 -8 -8 -7 -7 -7 -7 -7 -7 -6 -6 -6 -6 -6 -5 -5 -5 -5 -5 -5 -4 -4 -4 -4 -4 -4 -3 -3 -2 -1 ------- Run | Jun Mat Min Exi Min Mat Gar Mat Gar Mat Fac Was Fac Low Low Zio Pro Fac Low Low Dat Pro Fac Ext Cet Arc Hub Fac Was Fac Upp Upp Zhi Pro Res Res Acc Robot Analysis Total 21 | . 9 . . . 4 . . . . . . . . . . . 3 . . . . 1 . . . . . . . . . 4 . . . . Derelict Logs Recovered 13 | . . 2 . 2 . . . . . . . . 2 1 . 1 . 1 1 . 1 . . . . . . . . . 2 . . . . . Drone Launches 30 | . . . . . . . . . . . . . . . . . 4 . . . . . . . . . 4 . . 8 2 . 12 . . . Drone Recoveries 23 | . . . . . . . . . . . . . . . . . 3 . . . . . . . . . 2 . . 6 1 . 11 . . . Decoded 0b10 Intel 7 | . . . . . . . . . . . . . . . . . . . . . . . . . . . . . . . . . . 7 . . Patrols 3 | . . . . . . . . . . . . . . . . . . . . . . . . . . . . . . . . . . 3 . . Guards 4 | . . . . . . . . . . . . . . . . . . . . . . . . . . . . . . . . . . 4 . . Exploration | -11 -10 -10 -10 -9 -8 -8 -8 -8 -8 -7 -7 -7 -7 -7 -7 -6 -6 -6 -6 -6 -5 -5 -5 -5 -5 -5 -4 -4 -4 -4 -4 -4 -3 -3 -2 -1 ------------- Run | Jun Mat Min Exi Min Mat Gar Mat Gar Mat Fac Was Fac Low Low Zio Pro Fac Low Low Dat Pro Fac Ext Cet Arc Hub Fac Was Fac Upp Upp Zhi Pro Res Res Acc Turns Passed 69707 | 42 1230 1707 715 1018 3755 1217 114 1214 1000 1607 1240 7097 2101 1640 1839 1858 6288 2878 3417 252 3539 7687 2429 1485 480 3178 364 1693 2168 352 295 90 1051 1159 1000 508 Spaces Moved 50892 | 22 684 647 429 611 1360 496 54 442 326 561 653 10600 1131 950 1100 1122 5493 1040 1197 79 1017 8519 501 396 124 913 185 1613 3239 523 466 143 630 1595 1337 694 Core 692 | . . . . . . . . . . . 180 . . . . . . . . . . . . . . . . 11 2 . . . . . . 499 Treads 8382 | . 665 647 429 611 1036 11 . 4 177 201 63 28 . . . . 53 1032 1197 79 1017 201 64 256 121 243 . . 247 . . . . . . . Legs 41 | 22 19 . . . . . . . . . . . . . . . . . . . . . . . . . . . . . . . . . . . Wheels 9334 | . . . . . 324 485 54 438 149 360 . 336 1131 950 1100 1122 938 8 . . . 451 437 140 3 670 185 53 . . . . . . . . Hover 3944 | . . . . . . . . . . . 119 . . . . . . . . . . . . . . . . . . . . 68 630 1595 1337 195 Flight 28499 | . . . . . . . . . . . 291 10236 . . . . 4502 . . . . 7867 . . . . . 1549 2990 523 466 75 . . . . Fastest Speed 20 | 120 120 160 160 165 145 190 210 210 210 205 27 26 160 160 160 160 20 160 240 323 160 25 160 175 175 145 145 28 28 37 32 32 42 34 28 50 Average Speed 88 | 120 158 160 163 165 206 202 210 218 234 217 73 31 160 160 160 160 49 239 276 323 273 43 170 218 240 175 145 42 41 37 33 36 42 38 49 55 Slowest Speed 560 | 120 160 160 165 165 312 312 210 312 560 240 560 316 160 160 160 160 240 240 323 323 323 243 240 243 243 243 160 145 240 39 39 46 42 161 106 70 Overloaded Moves 14 | . . . . . . . . . . . . . . . . . 14 . . . . . . . . . . . . . . . . . . . Propulsion Burnouts . | . . . . . . . . . . . . . . . . . . . . . . . . . . . . . . . . . . . . . Robots Hopped 130 | . . . . . . . . . . . . 61 . . . . 38 . . . . 21 . . . . . . 10 . . . . . . . Cave-ins Triggered 1 | . . . . . . . . . . . 1 . . . . . . . . . . . . . . . . . . . . . . . . . Teleports 1 | . . . . . . . . . . . . . . . . . . . . . . . . . . . . . . . . . . . . 1 Exploration Rate (%) 71 | 2 97 96 78 99 94 62 9 47 33 24 97 95 98 97 84 99 82 91 99 69 96 90 72 83 67 86 13 96 54 76 94 60 96 46 48 25 Regions Visited 36 Branch Regions 19 Pre-discovered Areas 13 | . . . 1 1 . . . . . . . . 2 . 2 . . 1 1 1 . . . . . . . . . . 1 3 . . . . Known Exits Taken 15 | . . . 1 . 1 . 1 . 1 . . 1 . 1 . 1 1 . . . 1 1 . . . 1 . . 1 1 . . 1 . 1 . Unknown Exits Taken 15 | 1 1 1 . 1 . . . . . . . . 1 . 1 . . 1 1 1 . . 1 1 1 . . . . . 1 1 . 1 . . Scrap Searched 38 | . . 1 . 3 . . . . . . . . 4 6 5 4 . 2 4 . 1 . . . . . . . . 2 2 . 4 . . . Spaces Dug 1199 | . . . . 10 11 1 . . 1 3 7 151 . 4 . . 137 . 21 . 1 242 . 2 . 176 88 89 59 1 20 . 17 99 50 9 Terrain Destroyed 8552 | . 8 . . 24 130 27 . 3 41 83 97 754 128 79 . 81 1026 27 211 . 117 1058 823 500 7 1631 130 279 574 1 133 . 133 142 287 18 Melee 433 | . . . . . . . . . . 2 . 129 . . . . 84 . . . . 128 . 2 . . . . 47 1 2 . 17 21 . . Projectile 511 | . . . . . 14 . . . 15 24 18 31 10 11 . . 74 1 . . 13 68 17 2 7 35 28 20 29 . . . . 34 42 18 AOE 7608 | . 8 . . 24 116 27 . 3 26 57 79 594 118 68 . 81 868 26 211 . 104 862 806 496 . 1596 102 259 498 . 131 . 116 87 245 . Terrain Rammed . | . . . . . . . . . . . . . . . . . . . . . . . . . . . . . . . . . . . . . Walls Destroyed . | . . . . . . . . . . . . . . . . . . . . . . . . . . . . . . . . . . . . . Machines Disabled . | . . . . . . . . . . . . . . . . . . . . . . . . . . . . . . . . . . . . . Actions | -11 -10 -10 -10 -9 -8 -8 -8 -8 -8 -7 -7 -7 -7 -7 -7 -6 -6 -6 -6 -6 -5 -5 -5 -5 -5 -5 -4 -4 -4 -4 -4 -4 -3 -3 -2 -1 --------- Run | Jun Mat Min Exi Min Mat Gar Mat Gar Mat Fac Was Fac Low Low Zio Pro Fac Low Low Dat Pro Fac Ext Cet Arc Hub Fac Was Fac Upp Upp Zhi Pro Res Res Acc Total 71189 | 27 772 1263 443 617 2041 640 54 635 457 830 1331 13621 1365 1009 1177 1173 8560 1397 1262 78 1689 11853 1858 950 250 2247 243 2416 3792 673 587 169 1375 1963 1582 790 Wait 13934 | . 18 556 . . 373 16 . 98 44 138 587 2100 161 6 3 20 2291 315 2 . 560 2400 1019 375 49 913 10 580 149 145 95 7 696 125 48 35 Move 50605 | 21 683 646 428 610 1359 493 54 441 325 561 652 10483 1130 949 1099 1121 5417 1039 1196 78 1016 8477 500 395 123 912 185 1612 3218 522 465 142 629 1594 1336 694 Hop 122 | . . . . . . . . . . . . 55 . . . . 37 . . . . 20 . . . . . . 10 . . . . . . . Pick Up 594 | . 13 8 5 . 25 4 . 5 7 14 1 154 2 2 5 . 95 3 2 . 8 110 9 16 6 15 1 5 54 1 . 2 . 16 3 3 Fast Attach 398 | 1 2 3 . . 23 2 . 3 7 3 18 51 5 3 26 8 38 . 3 . 8 33 1 6 10 6 4 17 41 2 8 7 6 27 18 8 Attach 246 | . 2 1 2 . 4 1 . . 4 7 5 23 . . 4 . 36 2 . . 4 38 5 7 6 7 2 1 28 1 3 2 1 9 28 13 Detach 148 | . . 1 1 . 3 . . 1 1 1 4 24 . . 4 . 25 . 1 . . 17 1 2 2 2 2 1 13 . 3 . 1 6 23 9 Swap 586 | . 7 6 3 5 33 17 . 11 10 16 6 82 11 7 7 9 64 3 5 . 13 82 35 36 4 63 5 2 21 . . 1 1 15 5 1 Drop 760 | . 14 11 4 . 38 5 . 7 5 11 13 173 7 5 28 8 99 3 5 . 14 116 12 23 16 22 5 6 55 . 2 4 6 30 11 2 Fire 2996 | 5 31 31 . 2 180 59 . 34 49 62 45 299 32 34 . 7 360 31 36 . 65 388 261 86 33 304 26 192 96 . 9 . 8 98 109 24 Melee 617 | . . . . . . . . . . 3 . 159 . . 1 . 98 . . . 1 172 2 4 . . 2 . 106 2 2 4 18 43 . . Ram 4 | . . . . . . . . . 1 1 . . . . . . . . . . . . . . . . . . . . . . . . 1 1 Kick . | . . . . . . . . . . . . . . . . . . . . . . . . . . . . . . . . . . . . . Crush 16 | . 2 . . . 3 . . . 4 . . . . . . . . . 2 . . . . . 1 3 . . 1 . . . . . . . Escape Stasis 50 | . . . . . . 24 . . . 8 . 18 . . . . . . . . . . . . . . . . . . . . . . . . Rewire 45 | . . . . . . . . 13 . . . . 17 . . . . 1 . . . . 13 . . . 1 . . . . . . . . . Trap 68 | . . . . . . 19 . 22 . 5 . . . 3 . . . . 10 . . . . . . . . . . . . . 9 . . . Miscellaneous . | . . . . . . . . . . . . . . . . . . . . . . . . . . . . . . . . . . . . . Route ------- -11/Junkyard -10/Materials (discovered 5 exits: [*Mat x3] / *Min x2) -10/Mines (discovered 3 exits: [*Mat x2] / *Exi) -10/Exiles (discovered 2 exits: *Min x2) -9/Mines (discovered 2 exits: *Mat x2) -8/Materials (discovered 4 exits: *Fac x3 / Gar) -8/Garrison (discovered 3 exits: *Mat x3) -8/Materials -8/Garrison (discovered 4 exits: *Mat x4) -8/Materials -7/Factory (discovered 3 exits: *Fac / *Low x2) -7/Waste -7/Factory (discovered 6 exits: *Fac x4 / *Low x2) -7/Lower Caves -7/Lower Caves (discovered 2 exits: *Fac / *Zio) -7/Zion -6/Proximity Caves -6/Factory (discovered 5 exits: *Fac x3 / *Low x2) -6/Lower Caves -6/Lower Caves (discovered 2 exits: *Fac / *Dat) -6/Data Miner -5/Proximity Caves -5/Factory (discovered 5 exits: *Fac / *Upp x2 / *Ext x2) -5/Extension (discovered 2 exits: *Fac / *Cet) -5/Cetus (discovered 2 exits: *Fac / *Arc) -5/Archives (discovered 3 exits: *Fac / *Hub x2) -5/Hub_04(d) (discovered 4 exits: *Fac x4) -4/Factory -4/Waste -4/Factory (discovered 4 exits: *Res x2 / *Upp x2) -4/Upper Caves -4/Upper Caves (discovered 2 exits: *Res / *Zhi) -4/Zhirov -3/Proximity Caves -3/Research -2/Research (discovered 5 exits: *Acc x3 / *Tes x2) -1/Access History --------- Turn | Location | Event 17 | -11/Junkyard | Discovered new exit (range 3) 43 | -11/Junkyard | Entered Materials 300 | -10/Materials | Build established: Mutant 485 | -10/Materials | Discovered new exit (range 12) 639 | -10/Materials | Discovered new exit (range 9) 672 | -10/Materials | Discovered new exit (range 4) 902 | -10/Materials | Discovered new exit (range 8) 1022 | -10/Materials | Discovered new exit (range 10) 1273 | -10/Materials | Entered Mines 1274 | -10/Mines | Assembled infested the area 1842 | -10/Mines | Discovered new exit (range 15) 1856 | -10/Mines | Received a Rocket Launcher from a helpful Derelict 1866 | -10/Mines | Deemed a non-threat by the Exiles lab entrance 1868 | -10/Mines | Discovered new exit (range 5) 1904 | -10/Mines | Found a damaged Exp. Sensor Array with a note attached 1920 | -10/Mines | Discovered new exit (range 8) 2035 | -10/Mines | Learned Materials garrison access intel 2074 | -10/Mines | Met a Derelict who couldn't figure out how to use a Trap Extractor 2940 | -10/Mines | Found Prototype Device 2980 | -10/Mines | Entered Exiles 2981 | -10/Exiles | Identified exit to Mines 3023 | -10/Exiles | Met 8R-AWN 3049 | -10/Exiles | Met EX-HEX 3097 | -10/Exiles | Met EX-BIN 3114 | -10/Exiles | Aligned with FarCom system 3116 | -10/Exiles | Given EX-Vault access code 3153 | -10/Exiles | Opened EX-Vault 3165 | -10/Exiles | Found 0b10 Alert Chip 3199 | -10/Exiles | Warned to stay clear of 0b10 Research branches 3311 | -10/Exiles | Met EX-DEC 3342 | -10/Exiles | Visited The Gauntlet 3422 | -10/Exiles | Learned location of Zion (-7) 3695 | -10/Exiles | Left Exiles lab with 0b10 Alert Chip 3695 | -10/Exiles | Entered Mines 3696 | -9/Mines | Learned location of Storage (-9) 3760 | -9/Mines | Learned Materials stockpile data 3770 | -9/Mines | Learned 4 Materials zone layouts 4214 | -9/Mines | Discovered new exit (range 5) 4413 | -9/Mines | Found a hidden stash of uninstalled traps 4687 | -9/Mines | Discovered new exit (range 7) 4713 | -9/Mines | Entered Materials 4713 | -8/Materials | Evolved 4 slots: Propulsion x2, Utility x2 4714 | -8/Materials | Identified exit to Factory 4716 | -8/Materials | Loaded intel: 1 garrison access location 5191 | -8/Materials | Destroyed 8 combat bots 5481 | -8/Materials | Repaired Arm. Treads 6139 | -8/Materials | Identified exit to Garrison 6186 | -8/Materials | Garrison activated, responded to threat 6430 | -8/Materials | Discovered exit to Factory (range 16) 6713 | -8/Materials | First assault squad dispatched 7154 | -8/Materials | Destroyed 8 combat bots 7278 | -8/Materials | Garrison activated, responded to threat 7803 | -8/Materials | Sterilization system engaged 7803 | -8/Materials | Non-combat units ordered to evacuate 7903 | -8/Materials | Combat units ordered to evacuate 8054 | -8/Materials | Discovered exit to Factory (range 11) 8103 | -8/Materials | Ambient heat levels rising (+10) 8253 | -8/Materials | Ambient heat levels rising (+10) 8403 | -8/Materials | Ambient heat levels rising (+10) 8468 | -8/Materials | Entered Garrison 8496 | -8/Garrison | Discovered new exit (range 26) 8496 | -8/Garrison | Discovered new exit (range 55) 8496 | -8/Garrison | Discovered new exit (range 68) 8567 | -8/Garrison | Triggered checkpoint 8829 | -8/Garrison | Triggered checkpoint 8938 | -8/Garrison | Triggered checkpoint 9106 | -8/Garrison | Attempted to access garrison exit controls, blocked by remote lockdown 9316 | -8/Garrison | Attempted to access garrison exit controls, blocked by remote lockdown 9429 | -8/Garrison | Triggered checkpoint 9530 | -8/Garrison | Triggered checkpoint 9685 | -8/Garrison | Entered Materials 9799 | -8/Materials | Identified exit to Garrison 9799 | -8/Materials | Entered Garrison 9839 | -8/Garrison | Discovered new exit (range 61) 9839 | -8/Garrison | Discovered new exit (range 48) 9839 | -8/Garrison | Discovered new exit (range 43) 9839 | -8/Garrison | Discovered new exit (range 56) 9868 | -8/Garrison | Triggered checkpoint 10374 | -8/Garrison | Triggered checkpoint 10471 | -8/Garrison | Triggered checkpoint 10510 | -8/Garrison | Triggered checkpoint 11013 | -8/Garrison | Entered Materials 11013 | -8/Materials | Accompanied by 1 ally 11413 | -8/Materials | First assault squad dispatched 11453 | -8/Materials | Core integrity fell below 50% 11487 | -8/Materials | Core integrity fell below 20% 11512 | -8/Materials | Lost 3 parts (2n1u) 11977 | -8/Materials | Discovered exit to Factory (range 16) 12013 | -8/Materials | Entered Factory 12013 | -7/Factory | Evolved 2 slots: Utility x2 12612 | -7/Factory | Discovered new exit (range 16) 12629 | -7/Factory | Build established: Scavenger-Mutant 12820 | -7/Factory | Discovered new exit (range 8) 13213 | -7/Factory | First assault squad dispatched 13397 | -7/Factory | Identified exit to Lower Caves 13467 | -7/Factory | Lost 3 parts (1n2u) 13468 | -7/Factory | Cargo convoy interrupted 13529 | -7/Factory | Discovered new exit (range 9) 13620 | -7/Factory | Sucked down chute 13620 | -7/Factory | Entered Waste 13644 | -7/Waste | Spotted C-40 Crusher 13658 | -7/Waste | Crushed by Compactor (1 part destroyed, 2 dropped) 13665 | -7/Waste | Spotted C-40 Crusher 13707 | -7/Waste | Spotted C-40 Crusher 13720 | -7/Waste | Spotted C-40 Crusher 13783 | -7/Waste | Spotted C-40 Crusher 13904 | -7/Waste | Crushed by falling debris 13912 | -7/Waste | Destroyed C-40 Crusher 13935 | -7/Waste | Lost 3 parts (1n2u) 14215 | -7/Waste | Build established: Mutant 14215 | -7/Waste | Spotted C-40 Crusher 14412 | -7/Waste | Crushed by Compactor (1 part destroyed, 1 dropped) 14417 | -7/Waste | Crushed by Compactor (1 part destroyed, 1 dropped) 14420 | -7/Waste | Released all parts (6) 14452 | -7/Waste | Destroyed C-40 Crusher 14462 | -7/Waste | Destroyed C-40 Crusher 14462 | -7/Waste | Destroyed C-40 Crusher 14474 | -7/Waste | Warlord forces began an assault 14477 | -7/Waste | Allies destroyed C-40 Crusher 14520 | -7/Waste | Discovered new exit (range 15) 14860 | -7/Waste | Entered Factory 14860 | -7/Factory | Accompanied by 12 allies 15148 | -7/Factory | Build established: Sprinter 15252 | -7/Factory | Discovered new exit (range 5) 15386 | -7/Factory | Found Prototype Launcher 15386 | -7/Factory | Identified Rocket Array 15797 | -7/Factory | Build established: Hacker-Sprinter 15986 | -7/Factory | System Shield fried by hacking feedback 16048 | -7/Factory | Discovered new exit (range 17) 16248 | -7/Factory | Discovered new exit (range 9) 16740 | -7/Factory | Fabricated Arm. Huge Wheel (x2) 16932 | -7/Factory | Discovered new exit (range 11) 16956 | -7/Factory | Found Powered Armor 17020 | -7/Factory | Fabricated Arm. Huge Wheel? 17515 | -7/Factory | System corruption reached 10% 17535 | -7/Factory | Fabricated Powered Armor? 18311 | -7/Factory | Fabricated Powered Armor? 18403 | -7/Factory | Fabricated Adv. System Shield? 19290 | -7/Factory | Build established: Hauler-Mutant 20060 | -7/Factory | First assault squad dispatched 21012 | -7/Factory | High security lockdown imminent 21092 | -7/Factory | High security lockdown engaged 21243 | -7/Factory | Destroyed 13 combat bots 21292 | -7/Factory | Destroyed 9 combat bots 21433 | -7/Factory | Destroyed 15 combat bots 21480 | -7/Factory | Destroyed 8 combat bots 21513 | -7/Factory | Core integrity fell below 50% 21521 | -7/Factory | Sterilization system engaged 21521 | -7/Factory | Non-combat units ordered to evacuate 21551 | -7/Factory | Destroyed 12 combat bots 21621 | -7/Factory | Combat units ordered to evacuate 21821 | -7/Factory | Ambient heat levels rising (+10) 21957 | -7/Factory | Entered Lower Caves 21963 | -7/Lower Caves | Met a Warlord Commander 21964 | -7/Lower Caves | Learned location of Warlord (-5) 21968 | -7/Lower Caves | Found Encrypted Comm Array 22006 | -7/Lower Caves | Learned Factory security intel 22317 | -7/Lower Caves | Found Prototype Device 22556 | -7/Lower Caves | Learned location of Extension (-5) 22905 | -7/Lower Caves | Discovered new exit (range 8) 23043 | -7/Lower Caves | Attracted the attention of an 0b10 outpost 24058 | -7/Lower Caves | Entered another Lower Caves area 24058 | -7/Lower Caves | Accompanied by 1 ally 24232 | -7/Lower Caves | Attracted the attention of an 0b10 base 24232 | -7/Lower Caves | Learned Extension stockpile data 24232 | -7/Lower Caves | Learned Factory trap positions 24232 | -7/Lower Caves | Learned location of 2 exits from Upper Caves 24232 | -7/Lower Caves | Identified exit to Factory 24269 | -7/Lower Caves | Destroyed 13 combat bots 24709 | -7/Lower Caves | Identified exit to Zion 24880 | -7/Lower Caves | Encountered a Warlord checkpoint 24901 | -7/Lower Caves | Attracted the attention of an 0b10 checkpoint 25698 | -7/Lower Caves | Entered Zion 25746 | -7/Zion | System corruption cleaned by Quarantine Array 25909 | -7/Zion | Discovered new exit (range 16) 26026 | -7/Zion | Learned location of Armory (-3) 26122 | -7/Zion | Learned Factory emergency access door positions 26131 | -7/Zion | Found Prototype Launcher 26131 | -7/Zion | Identified Gui. Missile Launcher 26404 | -7/Zion | Rebuked by Imprinter 26768 | -7/Zion | Visited the Megawrench Repair Shop 26951 | -7/Zion | Given the Hacking Drone Bay 27177 | -7/Zion | Megawrench repaired 10 parts 27273 | -7/Zion | Found Prototype Processor 27273 | -7/Zion | Identified Exp. Signal Interpreter 27276 | -7/Zion | Found Prototype Processor 27276 | -7/Zion | Identified Exp. Melee Analysis Suite 27280 | -7/Zion | Found Prototype Hackware 27280 | -7/Zion | Identified Exp. System Shield 27283 | -7/Zion | Found Prototype Processor 27283 | -7/Zion | Identified Spectral Analyzer 27288 | -7/Zion | Found Prototype Processor 27288 | -7/Zion | Identified Exp. Target Analyzer 27294 | -7/Zion | Found Prototype Processor 27294 | -7/Zion | Identified Exp. Terrain Scan Processor 27464 | -7/Zion | Found Prototype Special Weapon 27469 | -7/Zion | Found Prototype Special Weapon 27537 | -7/Zion | Entered Proximity Caves 27709 | -6/Proximity Caves | Identified RU-N14's Throwing Claymores (x2) 27901 | -6/Proximity Caves | Learned location of 1 exit from Proximity Caves 28605 | -6/Proximity Caves | Spotted B-75 Beast 29395 | -6/Proximity Caves | Entered Factory 29395 | -6/Factory | Evolved 2 slots: Propulsion x1, Utility x1 29396 | -6/Factory | Identified exit to Factory 29397 | -6/Factory | Loaded intel: 116 trap records 29973 | -6/Factory | Identified exit to Lower Caves 30491 | -6/Factory | Joined by Warlord Dakka squad 30878 | -6/Factory | Build established: Hacker-Sprinter 31138 | -6/Factory | Central database locked down 31204 | -6/Factory | Fabricated Lrn. Missile Launcher? 31427 | -6/Factory | Discovered exit to Factory (range 16) 31585 | -6/Factory | Joined by Warlord Ranger squad 31596 | -6/Factory | Fabricated Launcher Loader? 31617 | -6/Factory | Joined by Warlord Pyro squad 31669 | -6/Factory | Fabricated Imp. Heavy Treads? 31814 | -6/Factory | Build established: Wizard-Sprinter 32365 | -6/Factory | Fabricated Hvy. Reactive Plating (x1) 32702 | -6/Factory | Build established: Hauler-Mutant 32895 | -6/Factory | First assault squad dispatched 34521 | -6/Factory | High security lockdown imminent 34601 | -6/Factory | High security lockdown engaged 34791 | -6/Factory | Destroyed 10 combat bots 34877 | -6/Factory | Destroyed 20 combat bots 35048 | -6/Factory | Destroyed 28 combat bots 35174 | -6/Factory | Sterilization system engaged 35174 | -6/Factory | Non-combat units ordered to evacuate 35218 | -6/Factory | Destroyed 30 combat bots 35274 | -6/Factory | Combat units ordered to evacuate 35474 | -6/Factory | Ambient heat levels rising (+10) 35624 | -6/Factory | Ambient heat levels rising (+10) 35683 | -6/Factory | Entered Lower Caves 36599 | -6/Lower Caves | Attracted the attention of an 0b10 checkpoint 37346 | -6/Lower Caves | Discovered new exit (range 13) 38561 | -6/Lower Caves | Entered another Lower Caves area 38562 | -6/Lower Caves | Encountered a Warlord checkpoint 38619 | -6/Lower Caves | Discovered exit to Factory (range 7) 39193 | -6/Lower Caves | Learned Factory terminal intel 39193 | -6/Lower Caves | Learned Research emergency access door positions 39193 | -6/Lower Caves | Learned Extension trap positions 39193 | -6/Lower Caves | Learned 8 Research zone layouts 40290 | -6/Lower Caves | Attracted the attention of an 0b10 checkpoint 40589 | -6/Lower Caves | Discovered new exit (range 16) 41978 | -6/Lower Caves | Entered Data Miner 41978 | -6/Data Miner | Discovered new exit (range 6) 42040 | -6/Data Miner | Met Data Miner 42098 | -6/Data Miner | Learned location of Section 7 (-3) 42098 | -6/Data Miner | Acquired the access code to Warlord's prototype stash 42150 | -6/Data Miner | Received God Mode back door access code from Data Miner 42230 | -6/Data Miner | Entered Proximity Caves 42772 | -5/Proximity Caves | Acquired the password to a Derelict Tinkerer's latest research 43049 | -5/Proximity Caves | Spotted B-75 Beast 43059 | -5/Proximity Caves | Escorted by Enhanced Grunt 43069 | -5/Proximity Caves | Destroyed B-75 Beast 43167 | -5/Proximity Caves | Caught by Unaware searching for contraband prototypes 43177 | -5/Proximity Caves | Core integrity fell below 50% 43191 | -5/Proximity Caves | Caught by Unaware searching for contraband prototypes 44219 | -5/Proximity Caves | Attracted the attention of an 0b10 base 44407 | -5/Proximity Caves | Learned Research garrison access intel 44407 | -5/Proximity Caves | Learned Factory garrison access intel 44407 | -5/Proximity Caves | Learned Extension terminal intel 44546 | -5/Proximity Caves | Build established: Mutant 45426 | -5/Proximity Caves | Learned 4 Factory zone layouts 45769 | -5/Proximity Caves | Entered Factory 45769 | -5/Factory | Evolved 2 slots: Power x1, Weapon x1 45770 | -5/Factory | Identified exit to Extension 45771 | -5/Factory | Identified exit to Factory 45772 | -5/Factory | Loaded intel: 28 terminal locations 45773 | -5/Factory | Loaded intel: 4 garrison access locations 46183 | -5/Factory | Identified exit to Upper Caves 46368 | -5/Factory | Build established: Scavenger-Sprinter 46431 | -5/Factory | Fabricated Imp. Heavy Treads? 46487 | -5/Factory | Joined by Warlord Muscle squad 46570 | -5/Factory | Joined by Warlord Dakka squad 46689 | -5/Factory | Build established: Hacker-Sprinter 47028 | -5/Factory | Joined by Warlord Muscle squad 47102 | -5/Factory | Cargo convoy interrupted 47123 | -5/Factory | Incoming assault squad redirected 47124 | -5/Factory | Build established: Hacker-Mutant 47509 | -5/Factory | Incoming investigation squad redirected 47587 | -5/Factory | Fabricated Lrn. Missile Launcher? 47635 | -5/Factory | Fabricated Cargo Storage Unit? 47670 | -5/Factory | Repaired Prc. Rocket Launcher? 47674 | -5/Factory | Repaired Imp. Heavy Treads? 48043 | -5/Factory | Repaired Imp. Heavy Treads? 48054 | -5/Factory | Joined by Warlord Chimera squad 48154 | -5/Factory | Incoming investigation squad redirected 48223 | -5/Factory | Repaired Neutron Cannon? 48228 | -5/Factory | Fabricated Neutron Missile Launcher? 48368 | -5/Factory | Incoming investigation squad redirected 48436 | -5/Factory | Incoming investigation squad redirected 48437 | -5/Factory | Fabricated Neutron Missile Launcher? 48471 | -5/Factory | Fabricated Humpback? 48535 | -5/Factory | Fabricated Neutron Missile Launcher? 48700 | -5/Factory | Repaired Broken Adv. System Restoration Module? 48830 | -5/Factory | Joined by Warlord Dakka squad 48950 | -5/Factory | Allied Derelicts emerged from ambush trap array 49347 | -5/Factory | Joined by Warlord Muscle squad 49669 | -5/Factory | Search patrols dispatched 49810 | -5/Factory | Incoming investigation squad redirected 49867 | -5/Factory | Incoming investigation squad redirected 49997 | -5/Factory | Incoming investigation squad redirected 49997 | -5/Factory | Incoming investigation squad redirected 50020 | -5/Factory | Incoming investigation squad redirected 50054 | -5/Factory | Hacking Suite fried by hacking feedback 50083 | -5/Factory | Incoming investigation squad redirected 50423 | -5/Factory | Build established: Hauler-Mutant 50569 | -5/Factory | First assault squad dispatched 50597 | -5/Factory | Incoming assault squad redirected 50599 | -5/Factory | Incoming assault squad redirected 50891 | -5/Factory | Incoming assault squad redirected 51017 | -5/Factory | Destroyed 8 combat bots 51185 | -5/Factory | Incoming assault squad redirected 51485 | -5/Factory | Incoming assault squad redirected 51497 | -5/Factory | Incoming assault squad redirected 51794 | -5/Factory | Incoming assault squad redirected 51911 | -5/Factory | Destroyed 16 combat bots 52094 | -5/Factory | Incoming assault squad redirected 52386 | -5/Factory | Incoming assault squad redirected 52397 | -5/Factory | Incoming assault squad redirected 52465 | -5/Factory | High security lockdown imminent 52507 | -5/Factory | Destroyed 9 combat bots 52545 | -5/Factory | High security lockdown engaged 52691 | -5/Factory | Destroyed 15 combat bots 52774 | -5/Factory | Sterilization system engaged 52774 | -5/Factory | Non-combat units ordered to evacuate 52791 | -5/Factory | Destroyed 18 combat bots 52874 | -5/Factory | Combat units ordered to evacuate 52950 | -5/Factory | Destroyed 7 combat bots 53074 | -5/Factory | Ambient heat levels rising (+10) 53224 | -5/Factory | Ambient heat levels rising (+10) 53374 | -5/Factory | Ambient heat levels rising (+10) 53456 | -5/Factory | Entered Extension 53457 | -5/Extension | Loaded intel: 16 trap records 53459 | -5/Extension | Loaded intel: 16 terminal locations 53656 | -5/Extension | Disrupted transfer network 53756 | -5/Extension | First assault squad dispatched 53774 | -5/Extension | Incoming assault squad redirected 53781 | -5/Extension | Incoming assault squad redirected 54075 | -5/Extension | Incoming assault squad redirected 54093 | -5/Extension | High security lockdown imminent 54173 | -5/Extension | High security lockdown engaged 54342 | -5/Extension | Destroyed 19 combat bots 54455 | -5/Extension | Destroyed 17 combat bots 54596 | -5/Extension | Destroyed 24 combat bots 54800 | -5/Extension | Destroyed 35 combat bots 55022 | -5/Extension | Sterilization system engaged 55022 | -5/Extension | Non-combat units ordered to evacuate 55055 | -5/Extension | Destroyed 32 combat bots 55122 | -5/Extension | Combat units ordered to evacuate 55322 | -5/Extension | Ambient heat levels rising (+10) 55472 | -5/Extension | Ambient heat levels rising (+10) 55622 | -5/Extension | Ambient heat levels rising (+10) 55715 | -5/Extension | Rescued A7 55772 | -5/Extension | Ambient heat levels rising (+10) 55861 | -5/Extension | Discovered new exit (range 16) 55864 | -5/Extension | Discovered exit to Factory (range 14) 55885 | -5/Extension | Entered Cetus 55885 | -5/Cetus | Accompanied by 3 allies (A7) 55890 | -5/Cetus | Acquired a Cetus Manufacturing Module code from A7 55925 | -5/Cetus | Spotted Cetus Guard 55925 | -5/Cetus | Spotted Cetus Guard 55930 | -5/Cetus | Destroyed Cetus Guard 55931 | -5/Cetus | Spotted Cetus Guard 55933 | -5/Cetus | Destroyed Cetus Guard 55935 | -5/Cetus | Allies destroyed Cetus Guard 55935 | -5/Cetus | Spotted Cetus Guard 55937 | -5/Cetus | Destroyed Cetus Guard 56106 | -5/Cetus | Started Cetus Manufacturing Module 56131 | -5/Cetus | Manufactured an Enhanced Grunt 56156 | -5/Cetus | Manufactured an Enhanced Grunt 56181 | -5/Cetus | Manufactured an Enhanced Grunt 56206 | -5/Cetus | Manufactured an Enhanced Grunt 56219 | -5/Cetus | Build established: Hauler-Bomber 56231 | -5/Cetus | Manufactured an Enhanced Grunt 56265 | -5/Cetus | Escorted A7 to Cetus Mainframe 56333 | -5/Cetus | Discovered new exit (range 16) 56373 | -5/Cetus | Spotted Cetus Guard 56373 | -5/Cetus | Spotted Cetus Guard 56377 | -5/Cetus | Spotted Cetus Guard 56377 | -5/Cetus | Spotted Cetus Guard 56378 | -5/Cetus | High security lockdown imminent 56378 | -5/Cetus | Allies destroyed Cetus Guard 56383 | -5/Cetus | Allies destroyed Cetus Guard 56389 | -5/Cetus | Allies destroyed Cetus Guard 56389 | -5/Cetus | Destroyed Cetus Guard 56458 | -5/Cetus | High security lockdown engaged 56590 | -5/Cetus | Destroyed 21 combat bots 56642 | -5/Cetus | Destroyed 16 combat bots 56770 | -5/Cetus | Cetus Manufacturing Module disabled 56836 | -5/Cetus | Destroyed 31 combat bots 56840 | -5/Cetus | Build established: Hauler-Mutant 56996 | -5/Cetus | Sterilization system engaged 56996 | -5/Cetus | Non-combat units ordered to evacuate 57000 | -5/Cetus | Extracted ID and sensor layout for unrecognized location from A7's data core 57004 | -5/Cetus | Destroyed 31 combat bots 57096 | -5/Cetus | Combat units ordered to evacuate 57285 | -5/Cetus | Discovered exit to Factory (range 16) 57295 | -5/Cetus | Met Revision 17 57296 | -5/Cetus | Ambient heat levels rising (+10) 57370 | -5/Cetus | Entered Archives 57524 | -5/Archives | Unable to access archive contents 57572 | -5/Archives | Discovered exit to Factory (range 16) 57682 | -5/Archives | Discovered new exit (range 16) 57813 | -5/Archives | Discovered new exit (range 16) 57850 | -5/Archives | Entered Hub_04(d) 58150 | -5/Hub_04(d) | First assault squad dispatched 58184 | -5/Hub_04(d) | Discovered exit to Factory (range 13) 58197 | -5/Hub_04(d) | Destroyed 13 combat bots 58352 | -5/Hub_04(d) | Discovered exit to Factory (range 14) 58767 | -5/Hub_04(d) | Incoming assault squad redirected 59159 | -5/Hub_04(d) | High security lockdown imminent 59203 | -5/Hub_04(d) | Destroyed 12 combat bots 59239 | -5/Hub_04(d) | High security lockdown engaged 59319 | -5/Hub_04(d) | Destroyed 24 combat bots 59421 | -5/Hub_04(d) | Destroyed 18 combat bots 59584 | -5/Hub_04(d) | Destroyed 24 combat bots 59738 | -5/Hub_04(d) | Sterilization system engaged 59738 | -5/Hub_04(d) | Non-combat units ordered to evacuate 59774 | -5/Hub_04(d) | Destroyed 30 combat bots 59838 | -5/Hub_04(d) | Combat units ordered to evacuate 60038 | -5/Hub_04(d) | Ambient heat levels rising (+10) 60066 | -5/Hub_04(d) | Discovered exit to Factory (range 15) 60162 | -5/Hub_04(d) | Network Hub disabled 60188 | -5/Hub_04(d) | Ambient heat levels rising (+10) 60264 | -5/Hub_04(d) | Discovered exit to Factory (range 6) 60338 | -5/Hub_04(d) | Ambient heat levels rising (+10) 60488 | -5/Hub_04(d) | Ambient heat levels rising (+10) 60586 | -5/Hub_04(d) | Network Hub disabled 60638 | -5/Hub_04(d) | Ambient heat levels rising (+10) 60669 | -5/Hub_04(d) | Network Hub disabled 60788 | -5/Hub_04(d) | Ambient heat levels rising (+10) 60938 | -5/Hub_04(d) | Ambient heat levels rising (+10) 61005 | -5/Hub_04(d) | Network Hub disabled 61028 | -5/Hub_04(d) | Entered Factory 61028 | -4/Factory | Evolved 2 slots: Propulsion x1, Utility x1 61326 | -4/Factory | First assault squad dispatched 61354 | -4/Factory | Incoming assault squad redirected 61355 | -4/Factory | Incoming assault squad redirected 61369 | -4/Factory | High security lockdown imminent 61392 | -4/Factory | Sucked down chute 61392 | -4/Factory | Entered Waste 61404 | -4/Waste | Spotted C-40 Crusher 61410 | -4/Waste | Destroyed C-40 Crusher 61478 | -4/Waste | Spotted C-40 Crusher 61489 | -4/Waste | Crushed by Compactor (1 part destroyed, 1 dropped) 61492 | -4/Waste | Spotted C-40 Crusher 61492 | -4/Waste | Crushed by Compactor (0 parts destroyed, 1 dropped) 61494 | -4/Waste | Released all parts (9) 61502 | -4/Waste | Spotted C-40 Crusher 61513 | -4/Waste | Spotted C-40 Crusher 61523 | -4/Waste | Lost 3 parts (1p1u1w) 61535 | -4/Waste | Discovered new exit (range 10) 61600 | -4/Waste | Spotted C-40 Crusher 61759 | -4/Waste | Build established: Mutant 61888 | -4/Waste | Destroyed C-40 Crusher 62388 | -4/Waste | Destroyed C-40 Crusher 62488 | -4/Waste | Destroyed C-40 Crusher 62703 | -4/Waste | Destroyed C-40 Crusher 62840 | -4/Waste | Destroyed C-40 Crusher 62888 | -4/Waste | Warlord forces began an assault 63085 | -4/Waste | Entered Factory 63085 | -4/Factory | Accompanied by 15 allies 63123 | -4/Factory | Identified exit to Upper Caves 63205 | -4/Factory | Build established: Scavenger-Sprinter 63335 | -4/Factory | First assault squad dispatched 63473 | -4/Factory | Discovered new exit (range 15) 63531 | -4/Factory | Incoming assault squad redirected 63635 | -4/Factory | Incoming assault squad redirected 63769 | -4/Factory | Discovered new exit (range 6) 63795 | -4/Factory | Repaired Broken Enh. Nova Cannon? 63887 | -4/Factory | Fabricated Neutron Missile Launcher? 63943 | -4/Factory | Spotted B-86 Titan 63969 | -4/Factory | Incoming investigation squad redirected 63990 | -4/Factory | Fabricated Launcher Loader? 64018 | -4/Factory | Build established: Hacker-Sprinter 64144 | -4/Factory | Incoming assault squad redirected 64212 | -4/Factory | Lost 3 parts (1p1n1w) 64281 | -4/Factory | Spotted B-86 Titan 64869 | -4/Factory | Build established: Mutant 64950 | -4/Factory | Garrison activated, responded to threat 64965 | -4/Factory | System corruption reached 10% 65013 | -4/Factory | Incoming assault squad redirected 65056 | -4/Factory | Destroyed 17 combat bots 65059 | -4/Factory | Lost 8 parts (2p2n3u1w) 65094 | -4/Factory | High security lockdown imminent 65120 | -4/Factory | Destroyed 9 combat bots 65174 | -4/Factory | High security lockdown engaged 65196 | -4/Factory | Released all parts (6) 65235 | -4/Factory | Lost 8 parts (2p3n1u2w) 65253 | -4/Factory | Entered Upper Caves 65254 | -4/Upper Caves | Identified exit to Upper Caves 65260 | -4/Upper Caves | Attacked by a delusional Derelict stockpiling parts 65550 | -4/Upper Caves | Core integrity fell below 50% 65605 | -4/Upper Caves | Entered another Upper Caves area 65606 | -4/Upper Caves | Identified exit to Research 65863 | -4/Upper Caves | Encountered a Warlord checkpoint 65878 | -4/Upper Caves | Discovered new exit (range 10) 65900 | -4/Upper Caves | Entered Zhirov 65900 | -4/Zhirov | Discovered new exit (range 3) 65907 | -4/Zhirov | Met Zhirov 65914 | -4/Zhirov | Learned location of Quarantine (-3) 65914 | -4/Zhirov | Learned location of Testing (-2) 65914 | -4/Zhirov | Learned location of Command (-1) 65916 | -4/Zhirov | Zhirov requested help retrieving the SGEMP Prototype 65921 | -4/Zhirov | Found Alien Artifact 65921 | -4/Zhirov | Identified Integrated Reactor 65921 | -4/Zhirov | Installed Integrated Reactor, increased core energy generation (+10) 65965 | -4/Zhirov | Found Alien Artifact 65990 | -4/Zhirov | Entered Proximity Caves 66336 | -3/Proximity Caves | Build established: Derelict-Mutant 67013 | -3/Proximity Caves | Discovered exit to Research (range 6) 67041 | -3/Proximity Caves | Entered Research 67041 | -3/Research | Evolved 2 slots: Utility x2 67044 | -3/Research | Loaded intel: 4 garrison access locations 67317 | -3/Research | Destroyed 7 combat bots 67334 | -3/Research | Lost 7 parts (1n5u1w) 67737 | -3/Research | System corruption reached 10% 67854 | -3/Research | Build established: Scavenger-Mutant 67976 | -3/Research | Incoming investigation squad redirected 68092 | -3/Research | Found Prototype Protection 68092 | -3/Research | Identified Centrium Heavy Armor Plating 68197 | -3/Research | Discovered new exit (range 8) 68200 | -3/Research | Entered another Research area 68200 | -2/Research | Evolved 2 slots: Propulsion x2 68256 | -2/Research | Identified exit to Testing 68288 | -2/Research | Destroyed 8 combat bots 68449 | -2/Research | Spotted B-90 Cyclops 68588 | -2/Research | System corruption reached 10% 68620 | -2/Research | Cargo convoy interrupted 68620 | -2/Research | Spotted Striker 68620 | -2/Research | Spotted Striker 68620 | -2/Research | Spotted Striker 68622 | -2/Research | Spotted Executioner 68624 | -2/Research | Destroyed Executioner 68646 | -2/Research | Destroyed Striker 68658 | -2/Research | Destroyed Striker 68700 | -2/Research | First assault squad dispatched 68706 | -2/Research | Destroyed 17 combat bots 68709 | -2/Research | Lost 11 parts (2p6n1u2w) 68710 | -2/Research | Incoming assault squad redirected 68712 | -2/Research | Spotted B-90 Cyclops 68902 | -2/Research | Discovered new exit (range 22) 68937 | -2/Research | Discovered new exit (range 24) 69032 | -2/Research | Build established: Scout 69048 | -2/Research | Identified exit to Access 69191 | -2/Research | Core integrity fell below 50% 69197 | -2/Research | Core integrity fell below 20% 69200 | -2/Research | Entered Access 69200 | -1/Access | Evolved 2 slots: Power x1, Utility x1 69229 | -1/Access | Lost 12 parts (1p3n7u1w) 69303 | -1/Access | Identified Transdimensional Reconstructor 69303 | -1/Access | Warped through subspace 69307 | -1/Access | Found Unknown Device 69307 | -1/Access | Identified Antimissile System 69382 | -1/Access | Core integrity fell below 50% 69387 | -1/Access | System corruption reached 10% 69389 | -1/Access | Core integrity fell below 20% 69415 | -1/Access | Lost 5 parts (1n2u2w) 69427 | -1/Access | Spotted B-99 Colossus 69460 | -1/Access | Spotted B-99 Colossus 69582 | -1/Access | Imp. Hacking Suite fried by hacking feedback 69587 | -1/Access | Build established: Mutant 69612 | -1/Access | Incoming investigation squad redirected 69708 | -1/Access | Spotted B-99 Colossus 69708 | -1/Access | Destroyed by B-99 Colossus with Linear Accelerator Last Messages --------------- 69547_ Acquired Unknown Leg. 69547_ Identified Centrium Leg. 69568_ ALERT: Security rotation in progress. 69582_ Connecting with Terminal... Feedback: System corruption (+1%). Feedback: Imp. Hacking Suite fried. 69582_ ALERT: Suspicious activity at Terminal A010. Dispatching Investigation squad. 69612_ ALERT: Higher priority target reported, redirecting investigation. 69620_ System corrupted: Heat flow error (+103). 69645_ SDNV57V2ZI3Y/T3P1HZ%CFMHAGI1JCAP/OB%= 69654_ Connecting with Terminal... 69654_ ALERT: Suspicious activity at Terminal A001. Dispatching Investigation squad. 69676_ Acquired Centrium Leg. 69698_ System corrupted: Matter fused (-5). 69700_ ALERT: Rogue bot located, Programmers report to Access Zone 5J. 69704_ Wave Collapse Detector explodes. Map ----- +----------------------------------------------------+ | ?????? #?????????????????????????????????????????? | | # #?????????????????????????????????????????? | | #?????????????????????????????????????????? | | +?????????????????????????????????????????? | | # #?????????????????????????????????????????? | | ??????/#?????????????????????????????????????????? | | ?????????????????????????????????????????????????? | | ?????????????????????????????????????????????????? | | ####?????????????????????????????????????????????? | | ??????????????????????????????????????????? | | ??????????????????????????????????????????? | | ####?????????????????????????????????????????????? | | ?????????????????????????????????????????????????? | | ?????????????????????????????????????????????????? | | ?????????????????????????????????????????????????? | | ?????????????????????????????????????????????????? | | ?????????????????????????????????????????????????? | | #"????????????#######????????????????????????????? | | ""????????????" ????????????????????????????? | | ""????????????" BB ???????????????????????????? | | "????????????? BB #####+#########????????????? | | "??????????????? #????????????? | | "????????????????? #????????????? | | "??????????????????? % +? ?????????? | | "????????????????????? # ???????? | | "??????????????BB??????#@ = ???????? | | "??????????????BB??????# ???????? | | "??????????????????????# ##+?????????? | | #"??????????????????????# ???????? | | ????????????????????????# ???????? | | ????????????????????????# k ???????? | | ????????????????????????# ???????? | | ????????????????????????# ###### ????????? | | ######??????????????????# # #?????????? | | # #################### # #?????????? | | [ +? " #?????????? | | gg #? """ #?????????? | | # #?? ""? ??????????? | | ## ############## g gg #?? ??????????????? | | ?# #################/####;###??? ?????????????? | | ?# # # #??????? ????????????? | | ?# + # #?????????????????????? | | ?# # # #?????????????????????? | | ?# # # #?????????????????????? | | ?# +? * # #?????????????????????? | | ?# #?############ #?????????????????????? | | ?# #????????????# ! #?????????????????????? | | ?# #????????????# *#?????????????????????? | | ?# #????????????####/######?????????????????????? | | ?# #???????????????# ???????????????????????????? | +----------------------------------------------------+ Best States ------------- Heat Dissipation 117 Coolant Potential 100 Energy Generation 47 Energy Capacity 1340 Matter Stores 332 Matter Capacity 450 Sight Range 22 Terrain Scan Range 24 Terrain Scan Density 410 Jamming Range 16 Additional Mass Support 9 EM Shielding 2 Armor Coverage 2000 Resistance: KI 40 Resistance: EX 50 Core Shielding 20 Propulsion Shielding 90 Weapon Shielding 66 Weapon Cycling 20 Phase Shifting 10 Evasion (%) 76 Recoil Reduction 6 Matter Filtering 50 Force Boost 30 Offensive Hacking 36 Defensive Hacking 42 Authchip Count 1 Trap Extractor Capacity 6 Item Schematics ----------------- Huge Storage Unit | -10/Materials | Hacked Cargo Storage Unit | -10/Materials | Hacked Hcp. Storage Unit | -10/Materials | Hacked Humpback | -8/Materials | Scanalyzed Adv. Treads | -8/Materials | Scanalyzed Lrn. Tractor Beam | -8/Materials | Hacked Imp. Heavy Armor Plating | -7/Factory | Hacked Arm. Huge Wheel | -7/Factory | Hacked Med. Reactive Plating | -7/Factory | Scanalyzed Adv. System Shield | -7/Factory | Hacked Hvy. Missile Launcher | -7/Factory | Scanalyzed Cesium-ion Thruster | -7/Factory | Scanalyzed Powered Armor | -7/Factory | Hacked Transmission Jammer | -7/Zion | Archive Flexi-carbon Leg | -7/Zion | Archive Mak. Flight Unit | -7/Zion | Archive Energy Well | -7/Zion | Archive Mak. Armor Plating | -7/Zion | Archive Phase Shifter | -7/Zion | Archive Imp. Launcher Guidance Computer | -7/Zion | Archive Adv. Field Recycling Unit | -7/Zion | Archive Recalibrator | -7/Zion | Archive Imp. Medium Treads | -7/Zion | Archive Imp. System Shield | -7/Zion | Archive Imp. Field Recycling Unit | -7/Zion | Archive Adv. Terrain Scan Processor | -7/Zion | Archive Adv. Heat Sink | -7/Zion | Archive HERF Cannon | -7/Zion | Archive Biomechanical Wings | -6/Factory | Scanalyzed Launcher Loader | -6/Factory | Hacked Prc. Rocket Launcher | -6/Factory | Scanalyzed Cld. VTOL Module | -6/Factory | Scanalyzed Imp. Heavy Treads | -6/Factory | Hacked Hvy. Reactive Plating | -6/Factory | Hacked F-cell Engine | -6/Factory | Hacked Lrn. Missile Launcher | -6/Factory | Hacked Hrd. Heavy Armor Plating | -6/Factory | Hacked Imp. Shield Generator | -6/Factory | Hacked Combat Drone Bay | -6/Data Miner | Free Lgt. Regenerative Plating | -6/Data Miner | Free Exp. Cesium-ion Thruster | -6/Data Miner | Free Prc. Energy Filter | -6/Data Miner | Free Enh. Coil Gun | -6/Data Miner | Free Adv. Medium Treads | -6/Data Miner | Free Imp. Phase Shifter | -6/Data Miner | Free Dispersion Rifle | -6/Data Miner | Free Adv. Force Field | -6/Data Miner | Free Imp. Recalibrator | -6/Data Miner | Free Tri-rail Accelerator | -5/Factory | Hacked Prc. Matter Filter | -5/Factory | Hacked Neutron Missile Launcher | -5/Factory | Hacked Imp. Powered Armor | -5/Hub_04(d) | Hacked Centrium Medium Armor Plating | -4/Factory | Scanalyzed Enh. Nova Cannon | -4/Factory | Scanalyzed Assault Drone Bay | -4/Zhirov | Free Exp. Heat Sink | -4/Zhirov | Free Exp. Optical Array | -4/Zhirov | Free Imp. Arc Thrower | -4/Zhirov | Free Robot Schematics ------------------ A-02 Transporter | -7/Zion | Archive H-55 Commando | -7/Zion | Archive G-50 Soldier | -6/Data Miner | Free Y-54 Guardian | -6/Data Miner | Free D-63 Destroyer | -6/Data Miner | Free Y-64 Sentinel | -6/Data Miner | Free A-27 Freighter | -6/Data Miner | Free Fabricated ------------ Arm. Huge Wheel | x2 | -7/Factory Arm. Huge Wheel | x2 | -7/Factory Powered Armor | x2 | -7/Factory Powered Armor | x2 | -7/Factory Adv. System Shield | x1 | -7/Factory Lrn. Missile Launcher | x1 | -6/Factory Launcher Loader | x2 | -6/Factory Imp. Heavy Treads | x2 | -6/Factory Hvy. Reactive Plating | x1 | -6/Factory Imp. Heavy Treads | x2 | -5/Factory | Authchip Lrn. Missile Launcher | x1 | -5/Factory Cargo Storage Unit | x1 | -5/Factory Neutron Missile Launcher | x1 | -5/Factory Neutron Missile Launcher | x1 | -5/Factory Humpback | x1 | -5/Factory Neutron Missile Launcher | x1 | -5/Factory Neutron Missile Launcher | x1 | -4/Factory Launcher Loader | x2 | -4/Factory Alien Tech Used ----------------- Integrated Reactor Transdimensional Reconstructor Achievements -------------- 404 Challenges ------------ None Game ------ Seed BackupMyomerStabilizer Manual? 0 Play Time 20:25:18 Cumulative 978.5 hours Start 2023.02.21 @ 18:57:33 End 2023.03.03 @ 18:18:12 Sessions 31 Manual Loads 0 Difficulty Rogue Special Mode None Game No. 206 Rogue 174 Adventurer 31 Explorer 1 Win Type - Total 44 Types 30/0/6/7/0/0/1/0/0 Lore% 86 Gallery% 90 Achievement% 78 Wizard Run 0 Options --------- ASCII 0 Keyboard 0 Movement Arrows Keybinds 0 Fullscreen 1 Font 20/Terminus Map View 66x50 Tactical HUD 1 Map Filters NONE Filters NONE Steam 1 RUN: e2c78f21-cb08-4355-b49e-635060478552